Workbook
Name SCHADDRS: #REF!
Name SCHADDRS: #REF!
Name SCHCTY: #REF!
Name SCHCTY: #REF!
Name SCHNMBR: #REF!
Name SCHNMBR: #REF!
Name SCHNME: #REF!
Name SCHNME: #REF!
Name SUPT: #REF!
Name SUPT: #REF!

Sheet Cover
F1: ILLINOIS STATE BOARD OF EDUCATION
F2: School Business Services Division
A3: Accounting Basis: | N3: ='DeficitBudgetSum Calc 19'!C7 & " " -> Balanced budget, no deficit reduction plan is required.
F4: SCHOOL DISTRICT BUDGET FORM *
C5: Cash | F5: July 1, 2019 - June 30, 2020
B6: X | C6: Accrual
C10: Date of Amended Budget:
G11: (MM/DD/YY)
C13: District Name: | G13: Glencoe School District #35
C14: District RCDT No: | G14: 05-016-0350-02
A16: If your FY19 AFR states that you need to do a deficit reduction plan and your FY20 budget is balanced please state the measures you took to have your budget become balanced. (Bckgrnd-Assumpt 25-26)
D24: =G13 -> Glencoe School District #35 | K24: , County of | M24: Cook | Q24: ,
H25: 43647 | M25: 44012 | Q25: .
G27: =D24 -> Glencoe School District #35 | Q27: ,
A28: County of | D28: =M24 -> Cook | G28: ,
K31: 5 | L31: day of | M31: September | O31: , 20 | P31: 19 | Q31: ,
D33: =H25 -> 43647 | I33: =M25 -> 44012 | L33: .
O36: 5
D37: September | G37: 19
D41: ** MEMBERS VOTING YEA: | J41: ** MEMBERS VOTING NAY:
C53: * | D53: Based on the 23 Illinois Administrative Code-Part 100 and inconformity with Section 17-1 of the School Code.
C54: ** | D54: Type in the members who voted "YEA" nor "NAY". Actual school board member signatures are not required for electronic submission.
C56: (1) | D56: A certified copy of this document must be filed with the county clerk within 30 days of adoption as required
D57: by Section 18-50 of the Property Tax Code (35 ILCS 200/18-50).
C58: (2) | D58: Districts are required to submit the adopted/amended budget electronically to ISBE within 30 days of adoption or by October 30,
D59: whichever comes first. Budgets are submitted to School Finance Report (SFR): | L59: https://sec1.isbe.net/attachmgr/default.aspx
D60: The electronic version does not require member signatures, we do not accept PDF copies.
C63: ISBE 50-36 SB2020 | E63: 01/19
C64: =G13 -> Glencoe School District #35
C65: =G14 -> 05-016-0350-02

Sheet BudgetSum 2-3
A1: Begin entering data on EstRev 5-10 and EstExp 11-17 tabs. | C1: (10) | D1: (20) | E1: (30) | F1: (40) | G1: (50) | H1: (60) | I1: (70) | J1: (80) | K1: (90)
A2: Description: Enter Whole Numbers Only | B2: Acct # | C2: Educational | D2: Operations & Maintenance | E2: Debt Service | F2: Transportation | G2: Municipal Retirement/ Social Security | H2: Capital Projects | I2: Working Cash | J2: Tort | K2: Fire Prevention & Safety
A3: ESTIMATED BEGINNING FUND BALANCE July 1, 2019 1 | C3: 30789845 | D3: 1033516 | E3: 763161 | F3: 653163 | G3: 1139398 | H3: 3800970 | I3: 0 | J3: 522744 | K3: 0
A4: RECEIPTS/REVENUES
A5: LOCAL SOURCES | B5: 1000 | C5: ='EstRev 5-10'!C109 -> 23042098 | D5: ='EstRev 5-10'!D109 -> 2725000 | E5: ='EstRev 5-10'!E109 -> 1709870 | F5: ='EstRev 5-10'!F109 -> 680000 | G5: ='EstRev 5-10'!G109 -> 703870 | H5: ='EstRev 5-10'!H109 -> 20000 | I5: ='EstRev 5-10'!I109 -> 0 | J5: ='EstRev 5-10'!J109 -> 220000 | K5: ='EstRev 5-10'!K109 -> 0
A6: FLOW-THROUGH RECEIPTS/REVENUES FROM ONE DISTRICT TO ANOTHER DISTRICT | B6: 2000 | C6: ='EstRev 5-10'!C114 -> 0 | D6: ='EstRev 5-10'!D114 -> 0 | F6: ='EstRev 5-10'!F114 -> 0 | G6: ='EstRev 5-10'!G114 -> 0
A7: STATE SOURCES | B7: 3000 | C7: ='EstRev 5-10'!C169 -> 731086 | D7: ='EstRev 5-10'!D169 -> 0 | E7: ='EstRev 5-10'!E169 -> 0 | F7: ='EstRev 5-10'!F169 -> 150000 | G7: ='EstRev 5-10'!G169 -> 0 | H7: ='EstRev 5-10'!H169 -> 0 | I7: ='EstRev 5-10'!I169 -> 0 | J7: ='EstRev 5-10'!J169 -> 0 | K7: ='EstRev 5-10'!K169 -> 0
A8: FEDERAL SOURCES | B8: 4000 | C8: ='EstRev 5-10'!C266 -> 335000 | D8: ='EstRev 5-10'!D266 -> 0 | E8: ='EstRev 5-10'!E266 -> 0 | F8: ='EstRev 5-10'!F266 -> 0 | G8: ='EstRev 5-10'!G266 -> 0 | H8: ='EstRev 5-10'!H266 -> 0 | I8: ='EstRev 5-10'!I266 -> 0 | J8: ='EstRev 5-10'!J266 -> 0 | K8: ='EstRev 5-10'!K266 -> 0
A9: Total Direct Receipts/Revenues 8 | C9: =SUM(C5:C8) -> 24108184 | D9: =SUM(D5:D8) -> 2725000 | E9: =SUM(E5:E8) -> 1709870 | F9: =SUM(F5:F8) -> 830000 | G9: =SUM(G5:G8) -> 703870 | H9: =SUM(H5:H8) -> 20000 | I9: =SUM(I5:I8) -> 0 | J9: =SUM(J5:J8) -> 220000 | K9: =SUM(K5:K8) -> 0
A10: Receipts/Revenues for "On Behalf" Payments 2 | B10: 3998 | C10: 5000000
A11: Total Receipts/Revenues | C11: =SUM(C9:C10) -> 29108184 | D11: =SUM(D9:D10) -> 2725000 | E11: =SUM(E9:E10) -> 1709870 | F11: =SUM(F9:F10) -> 830000 | G11: =SUM(G9:G10) -> 703870 | H11: =SUM(H9:H10) -> 20000 | I11: =SUM(I9:I10) -> 0 | J11: =SUM(J9:J10) -> 220000 | K11: =SUM(K9:K10) -> 0
A12: DISBURSEMENTS/EXPENDITURES
A13: INSTRUCTION | B13: 1000 | C13: ='EstExp 11-17'!K33 -> 14069138 | G13: ='EstExp 11-17'!K229 -> 342000
A14: SUPPORT SERVICES | B14: 2000 | C14: ='EstExp 11-17'!K74 -> 6407038 | D14: ='EstExp 11-17'!K129 -> 3546528 | F14: ='EstExp 11-17'!K184 -> 777805 | G14: ='EstExp 11-17'!K279 -> 357100 | H14: ='EstExp 11-17'!K303 -> 3800000 | J14: ='EstExp 11-17'!K330 -> 0 | K14: ='EstExp 11-17'!K352 -> 0
A15: COMMUNITY SERVICES | B15: 3000 | C15: ='EstExp 11-17'!K75 -> 150 | D15: ='EstExp 11-17'!K130 -> 0 | F15: ='EstExp 11-17'!K185 -> 0 | G15: ='EstExp 11-17'!K280 -> 0
A16: PAYMENTS TO OTHER DISTRICTS & GOVT UNITS | B16: 4000 | C16: ='EstExp 11-17'!K102 -> 920000 | D16: ='EstExp 11-17'!K139 -> 0 | E16: ='EstExp 11-17'!K160 -> 0 | F16: ='EstExp 11-17'!K196 -> 0 | G16: ='EstExp 11-17'!K285 -> 0 | H16: ='EstExp 11-17'!K310 -> 0 | J16: ='EstExp 11-17'!K334 -> 0 | K16: ='EstExp 11-17'!K357 -> 0
A17: DEBT SERVICES | B17: 5000 | C17: ='EstExp 11-17'!K112 -> 0 | D17: ='EstExp 11-17'!K149 -> 0 | E17: ='EstExp 11-17'!K172 -> 1793013 | F17: ='EstExp 11-17'!K208 -> 0 | G17: ='EstExp 11-17'!K293 -> 0 | J17: ='EstExp 11-17'!K340 -> 0 | K17: ='EstExp 11-17'!K365 -> 0
A18: PROVISION FOR CONTINGENCIES | B18: 6000 | C18: ='EstExp 11-17'!K113 -> 100000 | D18: ='EstExp 11-17'!K150 -> 25000 | E18: ='EstExp 11-17'!K173 -> 0 | F18: ='EstExp 11-17'!K209 -> 0 | G18: ='EstExp 11-17'!K294 -> 0 | H18: ='EstExp 11-17'!K311 -> 0 | J18: ='EstExp 11-17'!K341 -> 0 | K18: ='EstExp 11-17'!K366 -> 0
A19: Total Direct Disbursements/Expenditures 9 | C19: =SUM(C13:C18) -> 21496326 | D19: =SUM(D13:D18) -> 3571528 | E19: =SUM(E13:E18) -> 1793013 | F19: =SUM(F13:F18) -> 777805 | G19: =SUM(G13:G18) -> 699100 | H19: =SUM(H13:H18) -> 3800000 | J19: =SUM(J13:J18) -> 0 | K19: =SUM(K13:K18) -> 0
A20: Disbursements/Expenditures for "On Behalf" Payments 2 | B20: 4180 | C20: =C10 -> 5000000 | D20: =D10 -> 0 | E20: =E10 -> 0 | F20: =F10 -> 0 | G20: =G10 -> 0 | H20: =H10 -> 0 | J20: =J10 -> 0 | K20: =K10 -> 0
A21: Total Disbursements/Expenditures | C21: =SUM(C19:C20) -> 26496326 | D21: =SUM(D19:D20) -> 3571528 | E21: =SUM(E19:E20) -> 1793013 | F21: =SUM(F19:F20) -> 777805 | G21: =SUM(G19:G20) -> 699100 | H21: =SUM(H19:H20) -> 3800000 | J21: =SUM(J19:J20) -> 0 | K21: =SUM(K19:K20) -> 0
A22: Excess of Direct Receipts/Revenues Over (Under) Direct Disbursements/Expenditures | C22: =C9-C19 -> 2611858 | D22: =D9-D19 -> -846528 | E22: =E9-E19 -> -83143 | F22: =F9-F19 -> 52195 | G22: =G9-G19 -> 4770 | H22: =H9-H19 -> -3780000 | I22: =I9-I19 -> 0 | J22: =J9-J19 -> 220000 | K22: =K9-K19 -> 0
A23: OTHER SOURCES/USES OF FUNDS
A24: OTHER SOURCES OF FUNDS (7000)
A25: PERMANENT TRANSFER FROM VARIOUS FUNDS
A26: Abolishment the Working Cash Fund 16 | B26: 7110
A27: Abatement of the Working Cash Fund 16 | B27: 7110
A28: Transfer of Working Cash Fund Interest | B28: 7120
A29: Transfer Among Funds | B29: 7130
A30: Transfer of Interest | B30: 7140
A31: Transfer from Capital Projects Fund to O&M Fund | B31: 7150 | D31: =H54 -> 0
A32: Transfer of Excess Fire Prev & Safety Tax & Interest 3 Proceeds to O&M Fund | B32: 7160 | D32: =K55 -> 0
A33: Transfer of Excess Accumulated Fire Prev & Safety Bond and Int 3a Proceeds to Debt Service Fund | B33: 7170 | E33: =K56 -> 0
A34: SALE OF BONDS (7200)
A35: Principal on Bonds Sold 4 | B35: 7210
A36: Premium on Bonds Sold | B36: 7220
A37: Accrued Interest on Bonds Sold | B37: 7230
A38: Sale or Compensation for Fixed Assets 5 | B38: 7300
A39: Transfer to Debt Service to Pay Principal on Capital Leases | B39: 7400 | E39: =SUM(C57:H60) -> 215000
A40: Transfer to Debt Service Fund to Pay Interest on Capital Leases | B40: 7500 | E40: =SUM(C61:H64) -> 10000
A41: Transfer to Debt Service Fund to Pay Principal on Revenue Bonds | B41: 7600 | E41: =SUM(C65:D68) -> 0
A42: Transfer to Debt Service Fund to Pay Interest on Revenue Bonds | B42: 7700 | E42: =SUM(C69:D72) -> 0
A43: Transfer to Capital Projects Fund | B43: 7800 | H43: =SUM(C73:D76) -> 0
A44: ISBE Loan Proceeds | B44: 7900
A45: Other Sources Not Classified Elsewhere | B45: 7990
A46: Total Other Sources of Funds 8 | C46: =SUM(C26:C45) -> 0 | D46: =SUM(D26:D45) -> 0 | E46: =SUM(E26:E45) -> 225000 | F46: =SUM(F26:F45) -> 0 | G46: =SUM(G26:G45) -> 0 | H46: =SUM(H26:H45) -> 0 | I46: =SUM(I26:I45) -> 0 | J46: =SUM(J26:J45) -> 0 | K46: =SUM(K26:K45) -> 0
A47: OTHER USES OF FUNDS (8000)
A49: TRANSFER TO VARIOUS OTHER FUNDS (8100)
A50: Abolishment or Abatement of the Working Cash Fund 16 | B50: 8110 | I50: =SUM(C26,C27,D27,E27,F27,G27,H27,J27,K27) -> 0
A51: Transfer of Working Cash Fund Interest | B51: 8120 | I51: =SUM(C28:K28) -> 0
A52: Transfer Among Funds | B52: 8130
A53: Transfer of Interest 6 | B53: 8140
A54: Transfer from Capital Projects Fund to O&M Fund | B54: 8150
A55: Transfer of Excess Fire Prev & Safety Tax & Interest 3 Proceeds to O&M Fund | B55: 8160
A56: Transfer of Excess Accumulated Fire Prev & Safety Bond 3a and Int Proceeds to Debt Service Fund | B56: 8170
A57: Taxes Pledged to Pay Principal on Capital Leases | B57: 8410 | C57: 215000
A58: Grants/Reimbursements Pledged to Pay Principal on Capital Leases | B58: 8420
A59: Other Revenues Pledged to Pay Principal on Capital Leases | B59: 8430
A60: Fund Balance Transfers Pledged to Pay Principal on Capital Leases | B60: 8440
A61: Taxes Pledged to Pay Interest on Capital Leases | B61: 8510 | C61: 10000
A62: Grants/Reimbursements Pledged to Pay Interest on Capital Leases | B62: 8520
A63: Other Revenues Pledged to Pay Interest on Capital Leases | B63: 8530
A64: Fund Balance Transfers Pledged to Pay Interest on Capital Leases | B64: 8540
A65: Taxes Pledged to Pay Principal on Revenue Bonds | B65: 8610
A66: Grants/Reimbursements Pledged to Pay Principal on Revenue Bonds | B66: 8620
A67: Other Revenues Pledged to Pay Principal on Revenue Bonds | B67: 8630
A68: Fund Balance Transfers Pledged to Pay Principal on Revenue Bonds | B68: 8640
A69: Taxes Pledged to Pay Interest on Revenue Bonds | B69: 8710
A70: Grants/Reimbursements Pledged to Pay Interest on Revenue Bonds | B70: 8720
A71: Other Revenues Pledged to Pay Interest on Revenue Bonds | B71: 8730
A72: Fund Balance Transfers Pledged to Pay Interest on Revenue Bonds | B72: 8740
A73: Taxes Transferred to Pay for Capital Projects | B73: 8810
... A78: Other Uses Not Classified Elsewhere | B78: 8990
A79: Total Other Uses of Funds 9 | C79: =SUM(C50:C78) -> 225000 | D79: =SUM(D50:D78) -> 0 | E79: =SUM(E50:E78) -> 0 | F79: =SUM(F50:F78) -> 0 | G79: =SUM(G50:G78) -> 0 | H79: =SUM(H50:H78) -> 0 | I79: =SUM(I50:I78) -> 0 | J79: =SUM(J50:J78) -> 0 | K79: =SUM(K50:K78) -> 0
A80: Total Other Sources/Uses of Fund | C80: =C46-C79 -> -225000 | D80: =D46-D79 -> 0 | E80: =E46-E79 -> 225000 | F80: =F46-F79 -> 0 | G80: =G46-G79 -> 0 | H80: =H46-H79 -> 0 | I80: =I46-I79 -> 0 | J80: =J46-J79 -> 0 | K80: =K46-K79 -> 0
A81: ESTIMATED ENDING FUND BALANCE June 30, 2020 | C81: =C3+C22+C80 -> 33176703 | D81: =D3+D22+D80 -> 186988 | E81: =E3+E22+E80 -> 905018 | F81: =F3+F22+F80 -> 705358 | G81: =G3+G22+G80 -> 1144168 | H81: =H3+H22+H80 -> 20970 | I81: =I3+I22+I80 -> 0 | J81: =J3+J22+J80 -> 742744 | K81: =K3+K22+K80 -> 0
A83: SUMMARY OF EXPENDITURES (by Major Object)
C84: (10) | D84: (20) | E84: (30) | F84: (40) | G84: (50) | H84: (60) | I84: (70) | J84: (80) | K84: (90)
A85: Description | B85: Acct # | C85: Educational | D85: Operations & Maintenance | E85: Debt Service | F85: Transportation | G85: Municipal Retirement/ Social Security | H85: Capital Projects | I85: Working Cash | J85: Tort | K85: Fire Prevention & Safety | L85: Total By Object
A86: Object Name
A87: Salaries | B87: 100 | C87: ='EstExp 11-17'!C114 -> 15740145 | D87: ='EstExp 11-17'!C151 -> 1025028 | F87: ='EstExp 11-17'!C210 -> 197805 | H87: ='EstExp 11-17'!C312 -> 0 | J87: ='EstExp 11-17'!C342 -> 0 | K87: ='EstExp 11-17'!C367 -> 0 | L87: =SUM(C87:K87) -> 16962978
A88: Employee Benefits | B88: 200 | C88: ='EstExp 11-17'!D114 -> 2596531 | D88: ='EstExp 11-17'!D151 -> 178500 | F88: ='EstExp 11-17'!D210 -> 30000 | G88: ='EstExp 11-17'!D295 -> 699100 | H88: ='EstExp 11-17'!D312 -> 0 | J88: ='EstExp 11-17'!D342 -> 0 | K88: ='EstExp 11-17'!D367 -> 0 | L88: =SUM(C88:K88) -> 3504131
A89: Purchased Services | B89: 300 | C89: ='EstExp 11-17'!E114 -> 932000 | D89: ='EstExp 11-17'!E151 -> 1438000 | E89: ='EstExp 11-17'!E174 -> 0 | F89: ='EstExp 11-17'!E210 -> 550000 | H89: ='EstExp 11-17'!E312 -> 0 | J89: ='EstExp 11-17'!E342 -> 0 | K89: ='EstExp 11-17'!E367 -> 0 | L89: =SUM(C89:K89) -> 2920000
A90: Supplies & Materials | B90: 400 | C90: ='EstExp 11-17'!F114 -> 801150 | D90: ='EstExp 11-17'!F151 -> 461500 | F90: ='EstExp 11-17'!F210 -> 0 | H90: ='EstExp 11-17'!F312 -> 0 | J90: ='EstExp 11-17'!F342 -> 0 | K90: ='EstExp 11-17'!F367 -> 0 | L90: =SUM(C90:K90) -> 1262650
A91: Capital Outlay | B91: 500 | C91: ='EstExp 11-17'!G114 -> 337000 | D91: ='EstExp 11-17'!G151 -> 440000 | F91: ='EstExp 11-17'!G210 -> 0 | H91: ='EstExp 11-17'!G312 -> 3800000 | J91: ='EstExp 11-17'!G342 -> 0 | K91: ='EstExp 11-17'!G367 -> 0 | L91: =SUM(C91:K91) -> 4577000
A92: Other Objects | B92: 600 | C92: ='EstExp 11-17'!H114 -> 1039500 | D92: ='EstExp 11-17'!H151 -> 26500 | E92: ='EstExp 11-17'!H174 -> 1793013 | F92: ='EstExp 11-17'!H210 -> 0 | G92: ='EstExp 11-17'!H295 -> 0 | H92: ='EstExp 11-17'!H312 -> 0 | J92: ='EstExp 11-17'!H342 -> 0 | K92: ='EstExp 11-17'!H367 -> 0 | L92: =SUM(C92:K92) -> 2859013
A93: Non-Capitalized Equipment | B93: 700 | C93: ='EstExp 11-17'!I114 -> 0 | D93: ='EstExp 11-17'!I151 -> 2000 | F93: ='EstExp 11-17'!I210 -> 0 | H93: ='EstExp 11-17'!I312 -> 0 | J93: ='EstExp 11-17'!I342 -> 0 | K93: ='EstExp 11-17'!I367 -> 0 | L93: =SUM(C93:K93) -> 2000
A94: Termination Benefits | B94: 800 | C94: ='EstExp 11-17'!J114 -> 50000 | D94: ='EstExp 11-17'!J151 -> 0 | F94: ='EstExp 11-17'!J210 -> 0 | L94: =SUM(C94:K94) -> 50000
A95: Total Expenditures | C95: =SUM(C87:C94) -> 21496326 | D95: =SUM(D87:D94) -> 3571528 | E95: =SUM(E87:E94) -> 1793013 | F95: =SUM(F87:F94) -> 777805 | G95: =SUM(G87:G94) -> 699100 | H95: =SUM(H87:H94) -> 3800000 | J95: =SUM(J87:J94) -> 0 | K95: =SUM(K87:K94) -> 0 | L95: =SUM(C95:K95) -> 32137772

Sheet CashSum 4
C1: (10) | D1: (20) | E1: (30) | F1: (40) | G1: (50) | H1: (60) | I1: (70) | J1: (80) | K1: (90)
A2: Description: Enter Whole Numbers Only | B2: Acct # | C2: Educational | D2: Operations & Maintenance | E2: Debt Service | F2: Transportation | G2: Municipal Retirement/ Social Security | H2: Capital Projects | I2: Working Cash | J2: Tort | K2: Fire Prevention & Safety
A3: BEGINNING CASH BALANCE ON HAND July 1, 2019 7 | C3: 30789845 | D3: 1033516 | E3: 763161 | F3: 653163 | G3: 1139398 | H3: 3800970 | I3: 0 | J3: 522744 | K3: 0
A4: Total Direct Receipts & Other Sources 8 | C4: ='BudgetSum 2-3'!C9+'BudgetSum 2-3'!C46 -> 24108184 | D4: ='BudgetSum 2-3'!D9+'BudgetSum 2-3'!D46 -> 2725000 | E4: ='BudgetSum 2-3'!E9+'BudgetSum 2-3'!E46 -> 1934870 | F4: ='BudgetSum 2-3'!F9+'BudgetSum 2-3'!F46 -> 830000 | G4: ='BudgetSum 2-3'!G9+'BudgetSum 2-3'!G46 -> 703870 | H4: ='BudgetSum 2-3'!H9+'BudgetSum 2-3'!H46 -> 20000 | I4: ='BudgetSum 2-3'!I9+'BudgetSum 2-3'!I46 -> 0 | J4: ='BudgetSum 2-3'!J9+'BudgetSum 2-3'!J46 -> 220000 | K4: ='BudgetSum 2-3'!K9+'BudgetSum 2-3'!K46 -> 0
A5: OTHER RECEIPTS
A6: Interfund Loans Payable (Loans from Other Funds) | B6: 411
A7: Interfund Loans Receivable (Repayment of Loans) | B7: 141
A8: Notes and Warrants Payable | B8: 433
A9: Other Current Assets | B9: 199
A10: Total Other Receipts | C10: =SUM(C6:C9) -> 0 | D10: =SUM(D6:D9) -> 0 | E10: =SUM(E6:E9) -> 0 | F10: =SUM(F6:F9) -> 0 | G10: =SUM(G6:G9) -> 0 | H10: =SUM(H6:H9) -> 0 | I10: =SUM(I6:I9) -> 0 | J10: =SUM(J6:J9) -> 0 | K10: =SUM(K6:K9) -> 0
A11: Total Direct Receipts, Other Sources, & Other Receipts | C11: =SUM(C4,C10) -> 24108184 | D11: =SUM(D4,D10) -> 2725000 | E11: =SUM(E4,E10) -> 1934870 | F11: =SUM(F4,F10) -> 830000 | G11: =SUM(G4,G10) -> 703870 | H11: =SUM(H4,H10) -> 20000 | I11: =SUM(I4,I10) -> 0 | J11: =SUM(J4,J10) -> 220000 | K11: =SUM(K4,K10) -> 0
A12: Total Amount Available | C12: =SUM(C3,C11) -> 54898029 | D12: =SUM(D3,D11) -> 3758516 | E12: =SUM(E3,E11) -> 2698031 | F12: =SUM(F3,F11) -> 1483163 | G12: =SUM(G3,G11) -> 1843268 | H12: =SUM(H3,H11) -> 3820970 | I12: =SUM(I3,I11) -> 0 | J12: =SUM(J3,J11) -> 742744 | K12: =SUM(K3,K11) -> 0
A13: Total Direct Disbursements & Other Uses 9 | C13: =SUM('BudgetSum 2-3'!C19,'BudgetSum 2-3'!C79) -> 21721326 | D13: =SUM('BudgetSum 2-3'!D19,'BudgetSum 2-3'!D79) -> 3571528 | E13: =SUM('BudgetSum 2-3'!E19,'BudgetSum 2-3'!E79) -> 1793013 | F13: =SUM('BudgetSum 2-3'!F19,'BudgetSum 2-3'!F79) -> 777805 | G13: =SUM('BudgetSum 2-3'!G19,'BudgetSum 2-3'!G79) -> 699100 | H13: =SUM('BudgetSum 2-3'!H19,'BudgetSum 2-3'!H79) -> 3800000 | I13: =SUM('BudgetSum 2-3'!I19,'BudgetSum 2-3'!I79) -> 0 | J13: =SUM('BudgetSum 2-3'!J19,'BudgetSum 2-3'!J79) -> 0 | K13: =SUM('BudgetSum 2-3'!K19,'BudgetSum 2-3'!K79) -> 0
A14: OTHER DISBURSEMENTS
A15: Interfund Loans Receivable (Loans to Other Funds) 10 | B15: 141
A16: Interfund Loans Payable (Repayment of Loans) | B16: 411
A17: Notes and Warrants Payable | B17: 433
A18: Other Current Liabilities | B18: 499
A19: Total Other Disbursements | C19: =SUM(C15:C18) -> 0 | D19: =SUM(D15:D18) -> 0 | E19: =SUM(E15:E18) -> 0 | F19: =SUM(F15:F18) -> 0 | G19: =SUM(G15:G18) -> 0 | H19: =SUM(H15:H18) -> 0 | I19: =SUM(I15:I18) -> 0 | J19: =SUM(J15:J18) -> 0 | K19: =SUM(K15:K18) -> 0
A20: Total Direct Disbursements, Other Uses, & Other Disbursements | C20: =SUM(C13,C19) -> 21721326 | D20: =SUM(D13,D19) -> 3571528 | E20: =SUM(E13,E19) -> 1793013 | F20: =SUM(F13,F19) -> 777805 | G20: =SUM(G13,G19) -> 699100 | H20: =SUM(H13,H19) -> 3800000 | I20: =SUM(I13,I19) -> 0 | J20: =SUM(J13,J19) -> 0 | K20: =SUM(K13,K19) -> 0
A21: ENDING CASH BALANCE ON HAND June 30, 2020 7 | C21: =SUM(C12-C20) -> 33176703 | D21: =SUM(D12-D20) -> 186988 | E21: =SUM(E12-E20) -> 905018 | F21: =SUM(F12-F20) -> 705358 | G21: =SUM(G12-G20) -> 1144168 | H21: =SUM(H12-H20) -> 20970 | I21: =SUM(I12-I20) -> 0 | J21: =SUM(J12-J20) -> 742744 | K21: =SUM(K12-K20) -> 0

Sheet EstRev 5-10
C1: (10) | D1: (20) | E1: (30) | F1: (40) | G1: (50) | H1: (60) | I1: (70) | J1: (80) | K1: (90)
A2: Description: Enter Whole Numbers Only | B2: Acct # | C2: Educational | D2: Operations & Maintenance | E2: Debt Service | F2: Transportation | G2: Municipal Retirement/ Social Security | H2: Capital Projects | I2: Working Cash | J2: Tort | K2: Fire Prevention & Safety
A3: RECEIPTS/REVENUES FROM LOCAL SOURCES (1000)
A4: AD VALOREM TAXES LEVIED BY LOCAL EDUCATION AGENCY | B4: 1100
A5: Designated Purposes Levies 11 (1110-1120) | B5: ­ | C5: 22003355 | D5: 2440000 | E5: 1704870 | F5: 575000 | G5: 175662 | J5: 220000
A6: Leasing Purposes Levy 12 | B6: 1130
A7: Special Education Purposes Levy | B7: 1140 | C7: 71910
A8: FICA and Medicare Only Levies | B8: 1150 | G8: 470208
A9: Area Vocational Construction Purposes Levy | B9: 1160
A10: Summer School Purposes Levy | B10: 1170
A11: Other Tax Levies (Describe & Itemize) | B11: 1190
A12: Total Ad Valorem Taxes Levied by District | C12: =SUM(C5:C11) -> 22075265 | D12: =SUM(D5:D11) -> 2440000 | E12: =SUM(E5:E11) -> 1704870 | F12: =SUM(F5:F11) -> 575000 | G12: =SUM(G5:G11) -> 645870 | H12: =SUM(H5:H11) -> 0 | I12: =SUM(I5:I11) -> 0 | J12: =SUM(J5:J11) -> 220000 | K12: =SUM(K5:K11) -> 0
A13: PAYMENTS IN LIEU OF TAXES | B13: 1200
A14: Mobile Home Privilege Tax | B14: 1210
A15: Payments from Local Housing Authority | B15: 1220
A16: Corporate Personal Property Replacement Taxes13 | B16: 1230 | D16: 100000 | G16: 48000
A17: Other Payments in Lieu of Taxes (Describe & Itemize) | B17: 1290
A18: Total Payments in Lieu of Taxes | C18: =SUM(C14:C17) -> 0 | D18: =SUM(D14:D17) -> 100000 | E18: =SUM(E14:E17) -> 0 | F18: =SUM(F14:F17) -> 0 | G18: =SUM(G14:G17) -> 48000 | H18: =SUM(H14:H17) -> 0 | I18: =SUM(I14:I17) -> 0 | J18: =SUM(J14:J17) -> 0 | K18: =SUM(K14:K17) -> 0
A19: TUITION | B19: 1300
A20: Regular Tuition from Pupils or Parents (In State) | B20: 1311
A21: Regular Tuition from Other Districts (In State) | B21: 1312
A22: Regular Tuition from Other Sources (In State) | B22: 1313
A23: Regular Tuition from Other Sources (Out of State) | B23: 1314
A24: Summer School Tuition from Pupils or Parents (In State) | B24: 1321 | C24: 45000
A25: Summer School Tuition from Other Districts (In State) | B25: 1322
A26: Summer School Tuition from Other Sources (In State) | B26: 1323
A27: Summer School Tuition from Other Sources (Out of State) | B27: 1324
A28: CTE Tuition from Pupils or Parents (In State) | B28: 1331
A29: CTE Tuition from Other Districts (In State) | B29: 1332
A30: CTE Tuition from Other Sources (In State) | B30: 1333
A31: CTE Tuition from Other Sources (Out of State) | B31: 1334
A32: Special Education Tuition from Pupils or Parents (In State) | B32: 1341
A33: Special Education Tuition from Other Districts (In State) | B33: 1342
A34: Special Education Tuition from Other Sources (In State) | B34: 1343
A35: Special Education Tuition from Other Sources (Out of State) | B35: 1344
A36: Adult Tuition from Pupils or Parents (In State) | B36: 1351
... A39: Adult Tuition from Other Sources (Out of State) | B39: 1354
A40: Total Tuition | C40: =SUM(C20:C39) -> 45000
A41: TRANSPORTATION FEES | B41: 1400
A42: Regular Transportation Fees from Pupils or Parents (In State) | B42: 1411 | F42: 100000
A43: Regular Transportation Fees from Other Districts (In State) | B43: 1412
A44: Regular Transportation Fees from Other Sources (In State) | B44: 1413
A45: Regular Transportation Fees from Co-curricular Activities (In State) | B45: 1415
A46: Regular Transportation Fees from Other Sources (Out of State) | B46: 1416
A47: Summer School Transportation Fees from Pupils or Parents (In State) | B47: 1421
A48: Summer School Transportation Fees from Other Districts (In State) | B48: 1422
A49: Summer School Transportation Fees from Other Sources (In State) | B49: 1423
A50: Summer School Transportation Fees from Other Sources (Out of State) | B50: 1424
A51: CTE Transportation Fees from Pupils or Parents (In State) | B51: 1431
A52: CTE Transportation Fees from Other Districts (In State) | B52: 1432
A53: CTE Transportation Fees from Other Sources (In State) | B53: 1433
A54: CTE Transportation Fees from Other Sources (Out of State) | B54: 1434
A55: Special Education Transportation Fees from Pupils or Parents (In State) | B55: 1441
A56: Special Education Transportation Fees from Other Districts (In State) | B56: 1442
A57: Special Education Transportation Fees from Other Sources (In State) | B57: 1443
A58: Special Education Transportation Fees from Other Sources (Out of State) | B58: 1444
A59: Adult Transportation Fees from Pupils or Parents (In State) | B59: 1451
A60: Adult Transportation Fees from Other Districts (In State) | B60: 1452
A61: Adult Transportation Fees from Other Sources (In State) | B61: 1453
A62: Adult Transportation Fees from Other Sources (Out of State) | B62: 1454
A63: Total Transportation Fees | F63: =SUM(F42:F62) -> 100000
A64: EARNINGS ON INVESTMENTS | B64: 1500
A65: Interest on Investments | B65: 1510 | C65: 505000 | D65: 10000 | E65: 5000 | F65: 5000 | G65: 10000 | H65: 20000
A66: Gain or Loss on Sale of Investments | B66: 1520
A67: Total Earnings on Investments | C67: =SUM(C65:C66) -> 505000 | D67: =SUM(D65:D66) -> 10000 | E67: =SUM(E65:E66) -> 5000 | F67: =SUM(F65:F66) -> 5000 | G67: =SUM(G65:G66) -> 10000 | H67: =SUM(H65:H66) -> 20000 | I67: =SUM(I65:I66) -> 0 | J67: =SUM(J65:J66) -> 0 | K67: =SUM(K65:K66) -> 0
A68: FOOD SERVICE | B68: 1600
A69: Sales to Pupils - Lunch | B69: 1611
A70: Sales to Pupils - Breakfast | B70: 1612
A71: Sales to Pupils - A la Carte | B71: 1613
A72: Sales to Pupils - Other (Describe & Itemize) | B72: 1614
A73: Sales to Adults | B73: 1620
A74: Other Food Service (Describe & Itemize) | B74: 1690
A75: Total Food Service | C75: =SUM(C69:C74) -> 0
A76: DISTRICT/SCHOOL ACTIVITY INCOME | B76: 1700
A77: Admissions - Athletic | B77: 1711
A78: Admissions - Other | B78: 1719
A79: Fees | B79: 1720 | C79: 35000
A80: Book Store Sales | B80: 1730
A81: Other District/School Activity Revenue (Describe & Itemize) | B81: 1790
A82: Total District/School Activity Income | C82: =SUM(C77:C81) -> 35000 | D82: =SUM(D77:D81) -> 0
A83: TEXTBOOK INCOME | B83: 1800
A84: Rentals - Regular Textbooks | B84: 1811 | C84: 125000
A85: Rentals - Summer School Textbooks | B85: 1812
A86: Rentals - Adult/Continuing Education Textbooks | B86: 1813
A87: Rentals - Other (Describe) | B87: 1819
A88: Sales - Regular Textbooks | B88: 1821
A89: Sales - Summer School Textbooks | B89: 1822
A90: Sales - Adult/Continuing Education Textbooks | B90: 1823
A91: Sales - Other (Describe & Itemize) | B91: 1829
A92: Other (Describe & Itemize) | B92: 1890
A93: Total Textbooks | C93: =SUM(C84:C92) -> 125000
A94: OTHER REVENUE FROM LOCAL SOURCES | B94: 1900
A95: Rentals | B95: 1910 | C95: 176833 | D95: 175000
A96: Contributions and Donations from Private Sources | B96: 1920 | C96: 80000
A97: Impact Fees from Municipal or County Governments | B97: 1930
A98: Services Provided Other Districts | B98: 1940
A99: Refund of Prior Years' Expenditures | B99: 1950
A100: Payments of Surplus Moneys from TIF Districts | B100: 1960
A101: Drivers' Education Fees | B101: 1970
A102: Proceeds from Vendors' Contracts | B102: 1980 | C102: 0 | D102: 0 | E102: 0 | F102: 0 | G102: 0 | H102: 0 | I102: 0 | J102: 0 | K102: 0
...

Sheet EstExp 11-17
A1: Description: Enter Whole Numbers Only | C1: (100) | D1: (200) | E1: (300) | F1: (400) | G1: (500) | H1: (600) | I1: (700) | J1: (800) | K1: (900)
B2: Funct # | C2: Salaries | D2: Employee Benefits | E2: Purchased Services | F2: Supplies & Materials | G2: Capital Outlay | H2: Other Objects | I2: Non-Capitalized Equipment | J2: Termination Benefits | K2: Total
A3: 10 - EDUCATIONAL FUND (ED)
A4: INSTRUCTION (ED) | B4: 1000
A5: Regular Programs | B5: 1100 | C5: 9385477 | D5: 1370000 | E5: 3500 | F5: 389000 | G5: 315000 | H5: 0 | I5: 0 | J5: 0 | K5: =SUM(C5:J5) -> 11462977
A6: Tuition Payment to Charter Schools | B6: 1115 | K6: =SUM(C6,E6) -> 0
A7: Pre-K Programs | B7: 1125 | K7: =SUM(C7:J7) -> 0
A8: Special Education Programs (Functions 1200 - 1220) | B8: 1200 | C8: 1675089 | D8: 276512 | E8: 185000 | F8: 23000 | G8: 20000 | H8: 500 | K8: =SUM(C8:J8) -> 2180101
A9: Special Education Programs Pre-K | B9: 1225 | K9: =SUM(C9:J9) -> 0
A10: Remedial and Supplemental Programs K-12 | B10: 1250 | C10: 95298 | D10: 5000 | K10: =SUM(C10:J10) -> 100298
A11: Remedial and Supplemental Programs Pre-K | B11: 1275 | K11: =SUM(C11:J11) -> 0
A12: Adult/Continuing Education Programs | B12: 1300 | K12: =SUM(C12:J12) -> 0
A13: CTE Programs | B13: 1400 | K13: =SUM(C13:J13) -> 0
A14: Interscholastic Programs | B14: 1500 | C14: 70000 | D14: 1000 | E14: 10000 | F14: 8000 | K14: =SUM(C14:J14) -> 89000
A15: Summer School Programs | B15: 1600 | C15: 65000 | D15: 1000 | F15: 5000 | K15: =SUM(C15:J15) -> 71000
A16: Gifted Programs | B16: 1650 | C16: 132132 | D16: 18630 | K16: =SUM(C16:J16) -> 150762
A17: Driver's Education Programs | B17: 1700 | K17: =SUM(C17:J17) -> 0
A18: Bilingual Programs | B18: 1800 | K18: =SUM(C18:J18) -> 0
A19: Truant Alternative & Optional Programs | B19: 1900 | C19: 15000 | D19: 0 | E19: 0 | F19: 0 | G19: 0 | H19: 0 | I19: 0 | J19: 0 | K19: =SUM(C19:J19) -> 15000
A20: Pre-K Programs - Private Tuition | B20: 1910 | K20: =SUM(C20:J20) -> 0
A21: Regular K-12 Programs Private Tuition | B21: 1911 | K21: =SUM(C21:J21) -> 0
A22: Special Education Programs K-12 Private Tuition | B22: 1912 | K22: =SUM(C22:J22) -> 0
A23: Special Education Programs Pre-K Tuition | B23: 1913 | K23: =SUM(C23:J23) -> 0
A24: Remedial/Supplemental Programs K-12 Private Tuition | B24: 1914 | K24: =SUM(C24:J24) -> 0
A25: Remedial/Supplemental Programs Pre-K Private Tuition | B25: 1915 | K25: =SUM(C25:J25) -> 0
A26: Adult/Continuing Education Programs Private Tuition | B26: 1916 | K26: =SUM(C26:J26) -> 0
A27: CTE Programs Private Tuition | B27: 1917 | K27: =SUM(C27:J27) -> 0
A28: Interscholastic Programs Private Tuition | B28: 1918 | K28: =SUM(C28:J28) -> 0
A29: Summer School Programs Private Tuition | B29: 1919 | K29: =SUM(C29:J29) -> 0
A30: Gifted Programs Private Tuition | B30: 1920 | K30: =SUM(C30:J30) -> 0
A31: Bilingual Programs Private Tuition | B31: 1921 | K31: =SUM(C31:J31) -> 0
A32: Truants Alternative/Opt Ed Programs Private Tuition | B32: 1922 | K32: =SUM(C32:J32) -> 0
A33: Total Instruction14 | B33: 1000 | C33: =SUM(C5:C32) -> 11437996 | D33: =SUM(D5:D32) -> 1672142 | E33: =SUM(E5:E32) -> 198500 | F33: =SUM(F5:F32) -> 425000 | G33: =SUM(G5:G32) -> 335000 | H33: =SUM(H5:H32) -> 500 | I33: =SUM(I5:I32) -> 0 | J33: =SUM(J5:J32) -> 0 | K33: =SUM(C33:J33) -> 14069138
A34: SUPPORT SERVICES (ED) | B34: 2000
A35: Support Services - Pupil | B35: 2100
A36: Attendance & Social Work Services | B36: 2110 | C36: 563283 | D36: 108000 | E36: 5000 | K36: =SUM(C36:J36) -> 676283
A37: Guidance Services | B37: 2120 | C37: 310460 | D37: 75213 | K37: =SUM(C37:J37) -> 385673
A38: Health Services | B38: 2130 | C38: 192920 | D38: 47500 | E38: 7000 | F38: 13500 | K38: =SUM(C38:J38) -> 260920
A39: Psychological Services | B39: 2140 | C39: 257483 | D39: 20956 | E39: 90000 | F39: 3000 | K39: =SUM(C39:J39) -> 371439
A40: Speech Pathology & Audiology Services | B40: 2150 | C40: 466861 | D40: 87500 | K40: =SUM(C40:J40) -> 554361
A41: Other Support Services - Pupils (Describe & Itemize) | B41: 2190 | C41: 292234 | D41: 12700 | E41: 7000 | K41: =SUM(C41:J41) -> 311934
A42: Total Support Services - Pupil | B42: 2100 | C42: =SUM(C36:C41) -> 2083241 | D42: =SUM(D36:D41) -> 351869 | E42: =SUM(E36:E41) -> 109000 | F42: =SUM(F36:F41) -> 16500 | G42: =SUM(G36:G41) -> 0 | H42: =SUM(H36:H41) -> 0 | I42: =SUM(I36:I41) -> 0 | J42: =SUM(J36:J41) -> 0 | K42: =SUM(K36:K41) -> 2560610
A43: Support Services - Instructional Staff | B43: 2200
A44: Improvement of Instruction Services | B44: 2210 | C44: 227000 | D44: 113000 | E44: 101500 | F44: 94000 | J44: 50000 | K44: =SUM(C44:J44) -> 585500
A45: Educational Media Services | B45: 2220 | C45: 290408 | D45: 43500 | E45: 10000 | F45: 109000 | G45: 2000 | H45: 1500 | K45: =SUM(C45:J45) -> 456408
A46: Assessment & Testing | B46: 2230 | E46: 5000 | F46: 4000 | K46: =SUM(C46:J46) -> 9000
A47: Total Support Services - Instructional Staff | B47: 2200 | C47: =SUM(C44:C46) -> 517408 | D47: =SUM(D44:D46) -> 156500 | E47: =SUM(E44:E46) -> 116500 | F47: =SUM(F44:F46) -> 207000 | G47: =SUM(G44:G46) -> 2000 | H47: =SUM(H44:H46) -> 1500 | I47: =SUM(I44:I46) -> 0 | J47: =SUM(J44:J46) -> 50000 | K47: =SUM(K44:K46) -> 1050908
A48: Support Services - General Administration | B48: 2300
A49: Board of Education Services | B49: 2310 | D49: 70000 | E49: 263000 | F49: 40000 | H49: 10000 | K49: =SUM(C49:J49) -> 383000
A50: Executive Administration Services | B50: 2320 | C50: 304220 | D50: 83520 | E50: 3000 | F50: 2000 | H50: 2500 | K50: =SUM(C50:J50) -> 395240
A51: Special Area Administration Services | B51: 2330 | K51: =SUM(C51:J51) -> 0
A52: Tort Immunity Services | B52: 2360 - 2370 | E52: 135000 | K52: =SUM(C52:J52) -> 135000
A53: Total Support Services - General Administration | B53: 2300 | C53: =SUM(C49:C52) -> 304220 | D53: =SUM(D49:D52) -> 153520 | E53: =SUM(E49:E52) -> 401000 | F53: =SUM(F49:F52) -> 42000 | G53: =SUM(G49:G52) -> 0 | H53: =SUM(H49:H52) -> 12500 | I53: =SUM(I49:I52) -> 0 | J53: =SUM(J49:J52) -> 0 | K53: =SUM(K49:K52) -> 913240
A54: Support Services - School Administration | B54: 2400
A55: Office of the Principal Services | B55: 2410 | C55: 840720 | D55: 190000 | F55: 50000 | H55: 2000 | K55: =SUM(C55:J55) -> 1082720
A56: Other Support Services - School Administration (Describe & Itemize) | B56: 2490 | K56: =SUM(C56:J56) -> 0
A57: Total Support Services - School Administration | B57: 2400 | C57: =SUM(C55:C56) -> 840720 | D57: =SUM(D55:D56) -> 190000 | E57: =SUM(E55:E56) -> 0 | F57: =SUM(F55:F56) -> 50000 | G57: =SUM(G55:G56) -> 0 | H57: =SUM(H55:H56) -> 2000 | I57: =SUM(I55:I56) -> 0 | J57: =SUM(J55:J56) -> 0 | K57: =SUM(K55:K56) -> 1082720
A58: Support Services - Business | B58: 2500
A59: Direction of Business Support Services | B59: 2510 | C59: 116560 | D59: 31500 | E59: 10000 | F59: 18000 | H59: 3000 | K59: =SUM(C59:J59) -> 179060
A60: Fiscal Services | B60: 2520 | K60: =SUM(C60:J60) -> 0
A61: Operation & Maintenance of Plant Services | B61: 2540 | C61: 345000 | D61: 40000 | E61: 25000 | F61: 2500 | K61: =SUM(C61:J61) -> 412500
A62: Pupil Transportation Services | B62: 2550 | K62: =SUM(C62:J62) -> 0
A63: Food Services | B63: 2560 | C63: 95000 | D63: 1000 | E63: 4000 | F63: 20000 | K63: =SUM(C63:J63) -> 120000
A64: Internal Services | B64: 2570 | E64: 15000 | F64: 20000 | K64: =SUM(C64:J64) -> 35000
A65: Total Support Services - Business | B65: 2500 | C65: =SUM(C59:C64) -> 556560 | D65: =SUM(D59:D64) -> 72500 | E65: =SUM(E59:E64) -> 54000 | F65: =SUM(F59:F64) -> 60500 | G65: =SUM(G59:G64) -> 0 | H65: =SUM(H59:H64) -> 3000 | I65: =SUM(I59:I64) -> 0 | J65: =SUM(J59:J64) -> 0 | K65: =SUM(K59:K64) -> 746560
A66: Support Services - Central | B66: 2600
A67: Direction of Central Support Services | B67: 2610 | E67: 53000 | K67: =SUM(C67:J67) -> 53000
A68: Planning, Research, Development & Evaluation Services | B68: 2620 | K68: =SUM(C68:J68) -> 0
A69: Information Services | B69: 2630 | K69: =SUM(C69:J69) -> 0
A70: Staff Services | B70: 2640 | K70: =SUM(C70:J70) -> 0
A71: Data Processing Services | B71: 2660 | K71: =SUM(C71:J71) -> 0
A72: Total Support Services - Central | B72: 2600 | C72: =SUM(C67:C71) -> 0 | D72: =SUM(D67:D71) -> 0 | E72: =SUM(E67:E71) -> 53000 | F72: =SUM(F67:F71) -> 0 | G72: =SUM(G67:G71) -> 0 | H72: =SUM(H67:H71) -> 0 | I72: =SUM(I67:I71) -> 0 | J72: =SUM(J67:J71) -> 0 | K72: =SUM(K67:K71) -> 53000
A73: Other Support Services (Describe & Itemize) | B73: 2900 | K73: =SUM(C73:J73) -> 0
A74: Total Support Services | B74: 2000 | C74: =SUM(C42,C47,C53,C57,C65,C72,C73) -> 4302149 | D74: =SUM(D42,D47,D53,D57,D65,D72,D73) -> 924389 | E74: =SUM(E42,E47,E53,E57,E65,E72,E73) -> 733500 | F74: =SUM(F42,F47,F53,F57,F65,F72,F73) -> 376000 | G74: =SUM(G42,G47,G53,G57,G65,G72,G73) -> 2000 | H74: =SUM(H42,H47,H53,H57,H65,H72,H73) -> 19000 | I74: =SUM(I42,I47,I53,I57,I65,I72,I73) -> 0 | J74: =SUM(J42,J47,J53,J57,J65,J72,J73) -> 50000 | K74: =SUM(C74:J74) -> 6407038
A75: COMMUNITY SERVICES (ED) | B75: 3000 | F75: 150 | K75: =SUM(C75:J75) -> 150
A76: PAYMENTS TO OTHER DIST & GOVT UNITS (ED) | B76: 4000
A77: Payments to Other Dist & Govt Units (In-State) | B77: 4100
A78: Payments for Regular Programs | B78: 4110 | K78: =SUM(C78:J78) -> 0
A79: Payments for Special Education Programs | B79: 4120 | K79: =SUM(C79:J79) -> 0
A80: Payments for Adult/Continuing Education Programs | B80: 4130 | K80: =SUM(C80:J80) -> 0
A81: Payments for CTE Programs | B81: 4140 | K81: =SUM(C81:J81) -> 0
A82: Payments for Community College Programs | B82: 4170 | K82: =SUM(C82:J82) -> 0
A83: Other Payments to In-State Govt Units (Describe & Itemize) | B83: 4190 | K83: =SUM(C83:J83) -> 0
A84: Total Payments to Other Dist & Govt Units (In-State) | B84: 4100 | E84: =SUM(E78:E83) -> 0 | H84: =SUM(H78:H83) -> 0 | K84: =SUM(K78:K83) -> 0
A85: Payments for Regular Programs - Tuition | B85: 4210 | H85: 20000 | K85: =SUM(C85:J85) -> 20000
A86: Payments for Special Education Programs - Tuition | B86: 4220 | H86: 900000 | K86: =SUM(C86:J86) -> 900000
A87: Payments for Adult/Continuing Education Programs - Tuition | B87: 4230 | K87: =SUM(C87:J87) -> 0
A88: Payments for CTE Programs - Tuition | B88: 4240 | K88: =SUM(C88:J88) -> 0
A89: Payments for Community College Programs - Tuition | B89: 4270 | K89: =SUM(C89:J89) -> 0
A90: Payments for Other Programs - Tuition | B90: 4280 | K90: =SUM(C90:J90) -> 0
A91: Other Payments to In-State Govt Units (Describe & Itemize) | B91: 4290 | K91: =SUM(C91:J91) -> 0
A92: Total Payments to Other Dist & Govt Units - Tuition (In State) | B92: 4200 | H92: =SUM(H85:H91) -> 920000 | K92: =SUM(K85:K91) -> 920000
A93: Payments for Regular Programs - Transfers | B93: 4310 | K93: =SUM(C93:J93) -> 0
A94: Payments for Special Education Programs - Transfers | B94: 4320 | K94: =SUM(C94:J94) -> 0
A95: Payments for Adult/Continuing Ed Programs - Transfers | B95: 4330 | K95: =SUM(C95:J95) -> 0
A96: Payments for CTE Programs - Transfers | B96: 4340 | K96: =SUM(C96:J96) -> 0
A97: Payments for Community College Program - Transfers | B97: 4370 | K97: =SUM(C97:J97) -> 0
A98: Payments for Other Programs - Transfers | B98: 4380 | K98: =SUM(C98:J98) -> 0
A99: Other Payments to In-State Govt Units - Transfers (Describe & Itemize) | B99: 4390 | K99: =SUM(C99:J99) -> 0
A100: Total Payments to Other Dist & Govt Units-Transfers (In State) | B100: 4300 | E100: =SUM(E93:E99) -> 0 | H100: =SUM(H93:H99) -> 0 | K100: =SUM(K93:K99) -> 0
...

Sheet Itemize 18
B2: This page is provided for detailed itemizations as requested within the body of the Report.
A5: 1
A6: 2
A7: 3
A8: 4

Sheet DeficitBudgetSum Calc 19
A1: DEFICIT BUDGET SUMMARY INFORMATION - Operating Funds Only
A2: Description | B2: EDUCATIONAL FUND (10) | C2: OPERATIONS & MAINTENANCE FUND (20) | D2: TRANSPORTATION FUND (40) | E2: WORKING CASH FUND (70) | F2: TOTAL
A3: Direct Revenues | B3: ='BudgetSum 2-3'!C9 -> 24108184 | C3: ='BudgetSum 2-3'!D9 -> 2725000 | D3: ='BudgetSum 2-3'!F9 -> 830000 | E3: ='BudgetSum 2-3'!I9 -> 0 | F3: =SUM(B3:E3) -> 27663184
A4: Direct Expenditures | B4: ='BudgetSum 2-3'!C19 -> 21496326 | C4: ='BudgetSum 2-3'!D19 -> 3571528 | D4: ='BudgetSum 2-3'!F19 -> 777805 | F4: =SUM(B4:E4) -> 25845659
A5: Difference | B5: =(B3-B4) -> 2611858 | C5: =(C3-C4) -> -846528 | D5: =(D3-D4) -> 52195 | E5: =(E3-E4) -> 0 | F5: =SUM(F3-F4) -> 1817525
A6: Estimated Fund Balance - June 30, 2020 | B6: ='BudgetSum 2-3'!C81 -> 33176703 | C6: ='BudgetSum 2-3'!D81 -> 186988 | D6: ='BudgetSum 2-3'!F81 -> 705358 | E6: ='BudgetSum 2-3'!I81 -> 0 | F6: =SUM(B6:E6) -> 34069049
C7: =IF(AND(F5<0,F6>=0,ABS(F5*3)>ABS(F6)),A15,IF(AND(F5<0,F6>0,ABS(F5*3)<=ABS(F6)),A16,IF(AND(F5<0,F6<0),A15,IF(F6=0,A18,A17)))) -> Balanced budget, no deficit reduction plan is required.
A8: A deficit reduction plan is required if the local board of education adopts (or amends) the 2019-20 school district budget in which the “operating funds” listed above result in direct revenues (line 9) being less than direct expenditures (line 19) by an amount equal to or greater than one-third (1/3) of the ending fund balance (line 81).
A10: Note: The balance is determined using only the four funds listed above. That is, if the estimated ending fund balance is less than three times the deficit spending, the district must adopt and file with ISBE a deficit reduction plan to balance the shortfall within three years.
A12: The School Code, Section 17-1 (105 ILCS 5/17-1) - If the 2018-2019 Annual Financial Report (AFR) reflects a deficit as defined above (page 36), then the school district shall adopt and submit a deficit reduction plan (found here on page 20-24) to ISBE within 30 days after acceptance of the AFR.
A13: The deficit reduction plan, if required, is developed using ISBE guidelines and format.
A15: Unbalanced budget, a deficit reduction plan must be adopted and submitted concurrently with this budget. This deficit reduction plan must result in a balanced budget by the last year of the attached plan, as adopted by the local board of education. (Tab: Deficit BudgetSum Calc 20) | F15: Deficit reduction plan is required.
A16: Unbalanced budget, however, a deficit reduction plan is not required at this time. | F16: Deficit reduction plan is not required.
A17: Balanced budget, no deficit reduction plan is required. | F17: Congratulations! You have a balanced budget.
A18: To determine if the budget is balanced, complete all pages of the budget first. | F18: Budget form Incomplete.

Sheet DefReductPlan 20-24
C1: DEFICIT REDUCTION PLAN | W1: SUMMARY
C2: ESTIMATED BUDGET | H2: ESTIMATED BUDGET | M2: ESTIMATED BUDGET | R2: ESTIMATED BUDGET | W2: BUDGET ADDENDUM - DEFICIT REDUCTION PLAN
A3: =Cover!G14 -> 05-016-0350-02 | C3: FY2019-2020 | H3: FY2020-2021 | M3: FY2021-2022 | R3: FY2022-2023 | W3: ESTIMATED BUDGET
A4: District Number | W4: Date of Adoption:
A5: =Cover!G13 -> Glencoe School District #35 | Y5: (Enter as MM/DD/YY)
A6: District Name | C6: Educational Fund | D6: Operations & Maintenance Fund | E6: Transportation Fund | F6: Working Cash Fund | G6: Total | H6: Educational Fund | I6: Operations & Maintenance Fund | J6: Transportation Fund | K6: Working Cash Fund | L6: Total | M6: Educational Fund | N6: Operations & Maintenance Fund | O6: Transportation Fund | P6: Working Cash Fund | Q6: Total | R6: Educational Fund | S6: Operations & Maintenance Fund | T6: Transportation Fund | U6: Working Cash Fund | V6: Total | W6: FY2019-2020 | X6: FY2020-2021 | Y6: FY2021-2022 | Z6: FY2022-2023
A7: ESTIMATED BEGINNING FUND BALANCE (must equal prior Ending Fund Balance) | C7: ='BudgetSum 2-3'!C3 -> 30789845 | D7: ='BudgetSum 2-3'!D3 -> 1033516 | E7: ='BudgetSum 2-3'!F3 -> 653163 | F7: ='BudgetSum 2-3'!I3 -> 0 | G7: =SUM(C7:F7) -> 32476524 | H7: =C27 -> 33176703 | I7: =D27 -> 186988 | J7: =E27 -> 705358 | K7: =F27 -> 0 | L7: =SUM(H7:K7) -> 34069049 | M7: =H27 -> 33176703 | N7: =I27 -> 186988 | O7: =J27 -> 705358 | P7: =K27 -> 0 | Q7: =SUM(M7:P7) -> 34069049 | R7: =M27 -> 33176703 | S7: =N27 -> 186988 | T7: =O27 -> 705358 | U7: =P27 -> 0 | V7: =SUM(R7:U7) -> 34069049 | W7: =G7 -> 32476524 | X7: =L7 -> 34069049 | Y7: =Q7 -> 34069049 | Z7: =V7 -> 34069049
A8: RECEIPTS/REVENUES | B8: Acct #
A9: LOCAL SOURCES | B9: 1000 | C9: ='BudgetSum 2-3'!C5 -> 23042098 | D9: ='BudgetSum 2-3'!D5 -> 2725000 | E9: ='BudgetSum 2-3'!F5 -> 680000 | F9: ='BudgetSum 2-3'!I5 -> 0 | G9: =SUM(C9:F9) -> 26447098 | L9: =SUM(H9:K9) -> 0 | Q9: =SUM(M9:P9) -> 0 | V9: =SUM(R9:U9) -> 0 | W9: =G9 -> 26447098 | X9: =L9 -> 0 | Y9: =Q9 -> 0 | Z9: =V9 -> 0
A10: FLOW-THROUGH RECEIPTS/REVENUES FROM ONE DISTRICT TO ANOTHER DISTRICT | B10: 2000 | C10: ='BudgetSum 2-3'!C6 -> 0 | D10: ='BudgetSum 2-3'!D6 -> 0 | E10: ='BudgetSum 2-3'!F6 -> 0 | G10: =SUM(C10:F10) -> 0 | L10: =SUM(H10:K10) -> 0 | Q10: =SUM(M10:P10) -> 0 | V10: =SUM(R10:U10) -> 0 | W10: =G10 -> 0 | X10: =L10 -> 0 | Y10: =Q10 -> 0 | Z10: =V10 -> 0
A11: STATE SOURCES | B11: 3000 | C11: ='BudgetSum 2-3'!C7 -> 731086 | D11: ='BudgetSum 2-3'!D7 -> 0 | E11: ='BudgetSum 2-3'!F7 -> 150000 | F11: ='BudgetSum 2-3'!I7 -> 0 | G11: =SUM(C11:F11) -> 881086 | L11: =SUM(H11:K11) -> 0 | Q11: =SUM(M11:P11) -> 0 | V11: =SUM(R11:U11) -> 0 | W11: =G11 -> 881086 | X11: =L11 -> 0 | Y11: =Q11 -> 0 | Z11: =V11 -> 0
A12: FEDERAL SOURCES | B12: 4000 | C12: ='BudgetSum 2-3'!C8 -> 335000 | D12: ='BudgetSum 2-3'!D8 -> 0 | E12: ='BudgetSum 2-3'!F8 -> 0 | F12: ='BudgetSum 2-3'!I8 -> 0 | G12: =SUM(C12:F12) -> 335000 | L12: =SUM(H12:K12) -> 0 | Q12: =SUM(M12:P12) -> 0 | V12: =SUM(R12:U12) -> 0 | W12: =G12 -> 335000 | X12: =L12 -> 0 | Y12: =Q12 -> 0 | Z12: =V12 -> 0
A13: Total Receipts/Revenues | C13: =SUM(C9:C12) -> 24108184 | D13: =SUM(D9:D12) -> 2725000 | E13: =SUM(E9:E12) -> 830000 | F13: =SUM(F9:F12) -> 0 | G13: =SUM(C13:F13) -> 27663184 | H13: =SUM(H9:H12) -> 0 | I13: =SUM(I9:I12) -> 0 | J13: =SUM(J9:J12) -> 0 | K13: =SUM(K9:K12) -> 0 | L13: =SUM(H13:K13) -> 0 | M13: =SUM(M9:M12) -> 0 | N13: =SUM(N9:N12) -> 0 | O13: =SUM(O9:O12) -> 0 | P13: =SUM(P9:P12) -> 0 | Q13: =SUM(M13:P13) -> 0 | R13: =SUM(R9:R12) -> 0 | S13: =SUM(S9:S12) -> 0 | T13: =SUM(T9:T12) -> 0 | U13: =SUM(U9:U12) -> 0 | V13: =SUM(R13:U13) -> 0 | W13: =G13 -> 27663184 | X13: =L13 -> 0 | Y13: =Q13 -> 0 | Z13: =V13 -> 0
A14: DISBURSEMENTS/EXPENDITURES | B14: Funct #
A15: INSTRUCTION | B15: 1000 | C15: ='BudgetSum 2-3'!C13 -> 14069138 | G15: =SUM(C15:F15) -> 14069138 | L15: =SUM(H15:K15) -> 0 | Q15: =SUM(M15:P15) -> 0 | V15: =SUM(R15:U15) -> 0 | W15: =G15 -> 14069138 | X15: =L15 -> 0 | Y15: =Q15 -> 0 | Z15: =V15 -> 0
A16: SUPPORT SERVICES | B16: 2000 | C16: ='BudgetSum 2-3'!C14 -> 6407038 | D16: ='BudgetSum 2-3'!D14 -> 3546528 | E16: ='BudgetSum 2-3'!F14 -> 777805 | G16: =SUM(C16:F16) -> 10731371 | L16: =SUM(H16:K16) -> 0 | Q16: =SUM(M16:P16) -> 0 | V16: =SUM(R16:U16) -> 0 | W16: =G16 -> 10731371 | X16: =L16 -> 0 | Y16: =Q16 -> 0 | Z16: =V16 -> 0
A17: COMMUNITY SERVICES | B17: 3000 | C17: ='BudgetSum 2-3'!C15 -> 150 | D17: ='BudgetSum 2-3'!D15 -> 0 | E17: ='BudgetSum 2-3'!F15 -> 0 | G17: =SUM(C17:F17) -> 150 | L17: =SUM(H17:K17) -> 0 | Q17: =SUM(M17:P17) -> 0 | V17: =SUM(R17:U17) -> 0 | W17: =G17 -> 150 | X17: =L17 -> 0 | Y17: =Q17 -> 0 | Z17: =V17 -> 0
A18: PAYMENTS TO OTHER DISTRICTS & GOVT. UNITS | B18: 4000 | C18: ='BudgetSum 2-3'!C16 -> 920000 | D18: ='BudgetSum 2-3'!D16 -> 0 | E18: ='BudgetSum 2-3'!F16 -> 0 | G18: =SUM(C18:F18) -> 920000 | L18: =SUM(H18:K18) -> 0 | Q18: =SUM(M18:P18) -> 0 | V18: =SUM(R18:U18) -> 0 | W18: =G18 -> 920000 | X18: =L18 -> 0 | Y18: =Q18 -> 0 | Z18: =V18 -> 0
A19: DEBT SERVICES | B19: 5000 | C19: ='BudgetSum 2-3'!C17 -> 0 | D19: ='BudgetSum 2-3'!D17 -> 0 | E19: ='BudgetSum 2-3'!F17 -> 0 | G19: =SUM(C19:F19) -> 0 | L19: =SUM(H19:K19) -> 0 | Q19: =SUM(M19:P19) -> 0 | V19: =SUM(R19:U19) -> 0 | W19: =G19 -> 0 | X19: =L19 -> 0 | Y19: =Q19 -> 0 | Z19: =V19 -> 0
A20: PROVISION FOR CONTINGENCIES | B20: 6000 | C20: ='BudgetSum 2-3'!C18 -> 100000 | D20: ='BudgetSum 2-3'!D18 -> 25000 | E20: ='BudgetSum 2-3'!F18 -> 0 | G20: =SUM(C20:F20) -> 125000 | L20: =SUM(H20:K20) -> 0 | Q20: =SUM(M20:P20) -> 0 | V20: =SUM(R20:U20) -> 0 | W20: =G20 -> 125000 | X20: =L20 -> 0 | Y20: =Q20 -> 0 | Z20: =V20 -> 0
A21: Total Disbursements/Expenditures | C21: =SUM(C15:C20) -> 21496326 | D21: =SUM(D15:D20) -> 3571528 | E21: =SUM(E15:E20) -> 777805 | G21: =SUM(C21:F21) -> 25845659 | H21: =SUM(H15:H20) -> 0 | I21: =SUM(I15:I20) -> 0 | J21: =SUM(J15:J20) -> 0 | L21: =SUM(H21:K21) -> 0 | M21: =SUM(M15:M20) -> 0 | N21: =SUM(N15:N20) -> 0 | O21: =SUM(O15:O20) -> 0 | Q21: =SUM(M21:P21) -> 0 | R21: =SUM(R15:R20) -> 0 | S21: =SUM(S15:S20) -> 0 | T21: =SUM(T15:T20) -> 0 | V21: =SUM(R21:U21) -> 0 | W21: =G21 -> 25845659 | X21: =L21 -> 0 | Y21: =Q21 -> 0 | Z21: =V21 -> 0
A22: Excess of Receipts/Revenue Over/(Under) Disbursements/Expenditures | C22: =SUM(C13-C21) -> 2611858 | D22: =SUM(D13-D21) -> -846528 | E22: =SUM(E13-E21) -> 52195 | F22: =SUM(F13-F21) -> 0 | G22: =G13-G21 -> 1817525 | H22: =SUM(H13-H21) -> 0 | I22: =SUM(I13-I21) -> 0 | J22: =SUM(J13-J21) -> 0 | K22: =SUM(K13-K21) -> 0 | L22: =SUM(H22:K22) -> 0 | M22: =SUM(M13-M21) -> 0 | N22: =SUM(N13-N21) -> 0 | O22: =SUM(O13-O21) -> 0 | P22: =SUM(P13-P21) -> 0 | Q22: =SUM(M22:P22) -> 0 | R22: =SUM(R13-R21) -> 0 | S22: =SUM(S13-S21) -> 0 | T22: =SUM(T13-T21) -> 0 | U22: =SUM(U13-U21) -> 0 | V22: =SUM(R22:U22) -> 0 | W22: =G22 -> 1817525 | X22: =L22 -> 0 | Y22: =Q22 -> 0 | Z22: =V22 -> 0
A23: OTHER SOURCES/USES OF FUNDS
A24: OTHER SOURCES OF FUNDS (7000) | C24: ='BudgetSum 2-3'!C46 -> 0 | D24: ='BudgetSum 2-3'!D46 -> 0 | E24: ='BudgetSum 2-3'!F46 -> 0 | F24: ='BudgetSum 2-3'!I46 -> 0 | G24: =SUM(C24:F24) -> 0 | L24: =SUM(H24:K24) -> 0 | Q24: =SUM(M24:P24) -> 0 | V24: =SUM(R24:U24) -> 0 | W24: =G24 -> 0 | X24: =L24 -> 0 | Y24: =Q24 -> 0 | Z24: =V24 -> 0
A25: OTHER USES OF FUNDS (8000) | C25: ='BudgetSum 2-3'!C79 -> 225000 | D25: ='BudgetSum 2-3'!D79 -> 0 | E25: ='BudgetSum 2-3'!F79 -> 0 | F25: ='BudgetSum 2-3'!I79 -> 0 | G25: =SUM(C25:F25) -> 225000 | L25: =SUM(H25:K25) -> 0 | Q25: =SUM(M25:P25) -> 0 | V25: =SUM(R25:U25) -> 0 | W25: =G25 -> 225000 | X25: =L25 -> 0 | Y25: =Q25 -> 0 | Z25: =V25 -> 0
A26: TOTAL OTHER SOURCES/USES OF FUNDS | C26: =SUM(C24-C25) -> -225000 | D26: =SUM(D24-D25) -> 0 | E26: =SUM(E24-E25) -> 0 | F26: =SUM(F24-F25) -> 0 | G26: =SUM(G24-G25) -> -225000 | H26: =SUM(H24-H25) -> 0 | I26: =SUM(I24-I25) -> 0 | J26: =SUM(J24-J25) -> 0 | K26: =SUM(K24-K25) -> 0 | L26: =SUM(H26:K26) -> 0 | M26: =SUM(M24-M25) -> 0 | N26: =SUM(N24-N25) -> 0 | O26: =SUM(O24-O25) -> 0 | P26: =SUM(P24-P25) -> 0 | Q26: =SUM(M26:P26) -> 0 | R26: =SUM(R24-R25) -> 0 | S26: =SUM(S24-S25) -> 0 | T26: =SUM(T24-T25) -> 0 | U26: =SUM(U24-U25) -> 0 | V26: =SUM(R26:U26) -> 0 | W26: =G26 -> -225000 | X26: =L26 -> 0 | Y26: =Q26 -> 0 | Z26: =V26 -> 0
A27: ESTIMATED ENDING FUND BALANCE | C27: =C7+C22+C26 -> 33176703 | D27: =D7+D22+D26 -> 186988 | E27: =E7+E22+E26 -> 705358 | F27: =F7+F22+F26 -> 0 | G27: =G7+G22+G26 -> 34069049 | H27: =H7+H22+H26 -> 33176703 | I27: =I7+I22+I26 -> 186988 | J27: =J7+J22+J26 -> 705358 | K27: =K7+K22+K26 -> 0 | L27: =SUM(H27:K27) -> 34069049 | M27: =M7+M22+M26 -> 33176703 | N27: =N7+N22+N26 -> 186988 | O27: =O7+O22+O26 -> 705358 | P27: =P7+P22+P26 -> 0 | Q27: =Q7+Q22+Q26 -> 34069049 | R27: =R7+R22+R26 -> 33176703 | S27: =S7+S22+S26 -> 186988 | T27: =T7+T22+T26 -> 705358 | ... V27: =V7+V22+V26 -> 34069049 | W27: =G27 -> 34069049 | X27: =L27 -> 34069049 | Y27: =Q27 -> 34069049 | Z27: =V27 -> 34069049

Sheet Bckgrnd-Assumpt 25-26
B1: Deficit Reduction Plan-Background/Assumptions
B2: Fiscal Year 2019-2020 through Fiscal Year 2022-2023
B4: =Cover!G13&" "&Cover!G14 -> Glencoe School District #35 05-016-0350-02
B5: Please complete the following schedule and include a brief description to identify any areas of the budget that will be impacted from one year to the next. If the deficit reduction plan relies upon new local revenues, identify contingencies for further budget reductions which will be enacted in the event those new revenues are not available.
A8: 1 | B8: Background and Narrative of Budget Reductions:
A11: 2 | B11: Assumptions Used in the Deficit Reduction Plan:
B14: - EBF and Estimated New Tier Funding:
B17: - Equal Assessed Valuation and Tax Rates:
B20: - Employee Salaries and Benefits:
B23: - Short and Long Term Borrowing:
B26: - Educational Impact:
B29: - Other Assumptions:
B32: - Has the district considered shared services or outsourcing (Ex: Transportation, Insurance) If yes please explain:

Sheet AC 27
A2: ESTIMATED LIMITATION OF ADMINISTRATIVE COSTS
A3: (For Local Use Only)
A4: This is an estimated Limitation of Administrative Costs Worksheet only and will not be accepted for Official Submission of the Limitation of
A5: Administrative Costs Worksheet.
A7: The worksheet is intended for use during the budgeting process to estimate the district's percent increase of FY2020 budgeted expenditures over FY2019 actual expenditures.
A8: Budget information is copied to this page. Insert the prior year estimated actual expenditures to compute the estimated percentage increase (decrease).
A10: The official Limitation of Administrative Costs Worksheet is attached to the end of the Annual | H10: An official Limitation of Administrative Costs Worksheet can
A11: Financial Report (ISBE Form 50-35) and may be submitted in conjunction with that report. | H11: also be found on the ISBE website at:
H12: Limitation of Administrative Costs
A14: ESTIMATED LIMITATION OF ADMINISTRATIVE COSTS WORKSHEET | G14: School District Name: | H14: =Cover!G13 -> Glencoe School District #35
G15: RCDT Number: | H15: =Cover!G14 -> 05-016-0350-02
A16: (Section 17-1.5 of the School Code)
E17: Estimated Actual Expenditures, Fiscal Year 2019 | H17: Budgeted Expenditures, Fiscal Year 2020
E18: (10) | F18: (20) | H18: (10) | I18: (20)
A19: Description (Enter Whole Numbers Only) | D19: Funct # | E19: Educational Fund | F19: Operations & Maintenance Fund | G19: Total | H19: Educational Fund | I19: Operations & Maintenance Fund | J19: Total
B20: 1 | C20: Executive Administration Services | D20: 2320 | E20: 366120.89 | G20: =SUM(E20:F20) -> 366120.89 | H20: ='EstExp 11-17'!K50 -> 395240 | J20: =SUM(H20:I20) -> 395240
B21: 2 | C21: Special Area Administration Services | D21: 2330 | E21: 0 | G21: =SUM(E21:F21) -> 0 | H21: ='EstExp 11-17'!K51 -> 0 | J21: =SUM(H21:I21) -> 0
B22: 3 | C22: Other Support Services - School Administration | D22: 2490 | E22: 0 | G22: =SUM(E22:F22) -> 0 | H22: ='EstExp 11-17'!K56 -> 0 | J22: =SUM(H22:I22) -> 0
B23: 4 | C23: Direction of Business Support Services | D23: 2510 | E23: 168461.87 | F23: 136395.96 | G23: =SUM(E23:F23) -> 304857.83 | H23: ='EstExp 11-17'!K59 -> 179060 | I23: ='EstExp 11-17'!K122 -> 143528 | J23: =SUM(H23:I23) -> 322588
B24: 5 | C24: Internal Services | D24: 2570 | E24: 39539.84 | G24: =SUM(E24:F24) -> 39539.84 | H24: ='EstExp 11-17'!K64 -> 35000 | J24: =SUM(H24:I24) -> 35000
B25: 6 | C25: Direction of Central Support Services | D25: 2610 | E25: 71751.76 | G25: =SUM(E25:F25) -> 71751.76 | H25: ='EstExp 11-17'!K67 -> 53000 | J25: =SUM(H25:I25) -> 53000
B26: 7 | C26: Deduct - Early Retirement or other pension obligations required by state law and include above | E26: 0 | G26: =SUM(E26:F26) -> 0 | J26: =SUM(H26:I26) -> 0
B27: 8 | C27: Totals | E27: =SUM(E20:E25)-E26 -> 645874.36 | F27: =SUM(F20:F25)-F26 -> 136395.96 | G27: =SUM(G20:G25)-G26 -> 782270.32 | H27: =SUM(H20:H25)-H26 -> 662300 | I27: =SUM(I20:I25)-I26 -> 143528 | J27: =SUM(J20:J25)-J26 -> 805828
B28: 9 | C28: Estimated Percent Increase (Decrease) for FY2020 (Budgeted) over FY2019 (Actual) | J28: =IF(AND(G27>0,J27>0),(((J27-G27)/G27)),"Enter Actual Data!") -> 0.030114501

Sheet VendContract 28
A1: REPORTING OF PUBLIC VENDOR CONTRACTS OF $1,000 OR MORE
A2: In accordance with the School Code, Section 10-20.21, all school districts are required to file a report listing ‘vendor contracts’ as an attachment to their budget. In this context, the term "vendor contracts" refers to "all contracts and agreements that pertain to goods and services that were intended to generate additional revenue and other remunerations for the school district in excess of $1,000, including without limitation vending machine contracts, sports and other attire, class rings, and photographic services. The report is to list information regarding such contracts for the fiscal year immediately preceding the fiscal year of the budget. All such contracts executed on or after July 1, 2007 must be approved by the school board.
A3: See: School Code, Section 10-20.21 - Contracts
A4: (Sheet is unprotected and can be re-formatted as needed, but must be used for submission)
A5: Name of Vendor | B5: Product or Service Provided | C5: Net Revenue | D5: Non-Monetary Remuneration | E5: Purpose of Proceeds | F5: Distribution Method and Recipient of Non-Monetary Remunerations Distributed

Sheet EBFSpendingPlan
A1: Evidence-Based Funding (EBF) Spending Plan - OPTIONAL
B2: This portion of the budget template is NOT REQUIRED for approval or submission of the FY20 budget.
B3: This portion of the budget template is designed to prompt thinking related to the upcoming EBF Spending Plan, which must be submitted through IWAS by September 30, 2019. The IWAS system will open for plan submission in late summer 2020. Filling out this budget template tab does NOT fulfill the requirement to submit an EBF Spending Plan through IWAS. This budget template tab will NOT pre-populate into IWAS for official EBF Spending Plan submission.
B4: When school systems coordinate their resources in service of common goals grounded in vision and data, great things for students are possible. The EBF Spending Plan asks about your intended use of one major resource: money. Specifically, it focuses on your intended use of new Evidence-Based Funding (EBF) dollars (also called “Tier Funding” or “Additional State Assistance”) and your intended use of all dollars for specific student groups. Money alone may not drive continuous improvement in a district or school; however, telling the story of where and why you choose to direct dollars is an important signal of what matters to your community.
B5: FY20 is a refinement year in which ISBE will actively seek feedback on the EBF Spending Plan and collaboratively refine it for FY21 and beyond. All school districts* are required to complete a spending plan, but they will not be published publicly. ISBE may report statewide data in aggregate. Any individual school district* may choose to share their data with their communities. ISBE divisions may also refer to individual school district submissions* when supporting districts.* Feedback on how to make the EBF Spending Plan more useful and effective for school districts* is welcome. As a first opportunity for feedback, please see the survey questions at the end of this sheet. | I5: * - EBF state statute requires that all "Organizational Units" complete an annual spending plan. "Organizational Units" includes not only school districts but also laboratory schools, Regional Offices of Education, and Intermediate Service Centers. Although this EBF Spending Plan refers explicitly to school districts, its content should be understood as applying to the laboratory schools, Regional Offices of Education, and Intermediate Service Centers as well. | Q5: * - Laboratory schools, Regional Offices of Education, and Intermediate Service Centers are included here in addition to "school districts." State-authorized charter schools are NOT included here.
A7: Part I – What effects on student outcomes do you anticipate as a result of your EBF investments and other focused efforts?
A8: Context | B8: Although money alone may not drive continuous improvement in a school district or a school, investing it intentionally and leading with clear goals can maximize its impact.
A9: Practice Answer | B9: 1) Mark with an X how the school district* intends to achieve student growth in FY20. | I9: * - School districts, laboratory schools, Regional Offices of Education, and Intermediate Service Centers (see previous note)
B10: Focus increased time and attention on specified populations (please list)
B11: Increase the ratio of educators and/or specifically high-quality educators dedicated to specific populations (please list) as compared to previous years
B12: Increase number and/or quality of professional development opportunities
B13: Improve programs, curriculum, and/or learning tools
B14: Invest in facilities, maintenance, infrastructure, and operations
B15: Increase number and/or quality of community, parent, and family engagement opportunities
B16: Other (please list)
A17: Practice Answer | B17: 2) Mark with an X the State Board of Education goals (listed as of June 2019) on which your school district* intends to make progress in FY20. | I17: * - School districts, laboratory schools, Regional Offices of Education, and Intermediate Service Centers
B18: All kindergartners are assessed for readiness.
B19: > 90% of third-grade students are reading at or above grade level.
B20: > 90% of fifth-grade students meet or exceed expectations in mathematics.
B21: > 90% ninth-grade students are on track to graduate with their cohort.
B22: > 90% of students graduate from high school ready for college and career.
B23: All students are supported by highly prepared and effective teachers and school leaders.
B24: Every school offers a safe and healthy learning environment for all students.
A25: Practice Answer | B25: 3) OPTIONAL - Further describe how your school district* will achieve student growth and ISBE goals | I25: * - School districts, laboratory schools, Regional Offices of Education, and Intermediate Service Centers
A26: Part II – What will you do with your EBF Tier Funding? Why?
A27: Context | B27: EBF funding comes from the state in a series of disbursements. Most of the sum total of these disbursements is an allocation equal to what school districts* received last year: the EBF Base Funding Minimum (BFM). On top of the BFM and making up the other part of the sum total EBF disbursement, school districts* also receive a new allocation, called EBF Tier Funding. | I27: * - School districts, laboratory schools, Regional Offices of Education, and Intermediate Service Centers
A28: What is coming in IWAS? | B28: The EBF Spending Plan application in IWAS will ask every school district* to indicate on what categories the district* intends to spend EBF BFM dollars and EBF Tier Funding. School districts* will use 4) and 5) key data points to 6) and 7) inform new selections for use of EBF Tier Funding. School districts* will be able to verify or adjust their selections for 8) use of FY20 BFM dollars using their entries from last year. Finally, school districts* will indicate the effect of increased funding on 9) total FTEs in the district*. The IWAS application will be pre-populated with FY20 amounts for both EBF BFM and EBF Tier Funding for each individual school district.* For this working document, school districts* may look up their FY20 allocations at https://www.isbe.net/_layouts/Download.aspx?SourceUrl=/Documents/FY20-EBF-Quick-Facts.xlsx
A29: Practice Answer | B29: 4) Mark with an X the data sources the school district* team is reviewing in determining how to best allocate the school district's* new Evidence-Based Funding. School districts* may consult the same data sources used in their Consolidated District Plan needs assessment (www.isbe.net/ileplan). | I29: * - School districts, laboratory schools, Regional Offices of Education, and Intermediate Service Centers
B30: School and/or school district* report card(s)
B31: Five Essentials Survey
B32: Student achievement data (disaggregated by student groups)
B33: Current recruitment and retention efforts and effectiveness data
B34: Professional development plan(s)
B35: School improvement plan(s)
B36: Title I plan(s)
B37: ED School Climate Survey (EDSCLS)
B38: CDC School Health Index
B39: National School Climate Center
B40: ASCD School Improvement Tool
B41: Illinois Quality Framework and Illinois Quality Framework Supporting Rubric
... B43: Other (please list)
A44: Practice Answer | B44: 5) OPTIONAL - Which data points most influenced your school district's* decision about where to allocate the incoming new EBF Tier Funding? | I44: * - School districts, laboratory schools, Regional Offices of Education, and Intermediate Service Centers
A45: Practice Answer | B45: 6) Mark with an X the activities on which the school district* intends to spend FY20 EBF Tier Funding, given previous work to review student data on needs and outcomes, review best practices research, consult with both the programmatic and business sides of the school district office, and engage with school staff, families, and community members. | I45: * - School districts, laboratory schools, Regional Offices of Education, and Intermediate Service Centers
B46: Employ** licensed educators to provide instructions for students | I46: ** - "Employ" may refer to hiring new licensed educators and/or retaining current licensed educators
B47: Provide educator professional development
B48: Purchase curriculum and learning tools
B49: Purchase programs or tangible supports
B50: Provide parent, family, and/or community engagement activities
B51: Invest in “innovative programming” (as defined by the school district*)
B52: Invest in infrastructure, capital, and/or operations
B53: Address debt service and fiscal solvency
B54: Other (please list)
A55: Practice Answer | B55: 7) OPTIONAL - How did your data, other information considered, collaboration between school district* program areas and business offices, and/or engagement with school staff, families, and community members influence your intended use of EBF Tier Funding? | I55: * - School districts, laboratory schools, Regional Offices of Education, and Intermediate Service Centers
A56: Practice Answer | B56: 8) Mark with an X the activities on which the school district* intends to spend FY20 EBF Base Funding Minimum dollars. | I56: * - School districts, laboratory schools, Regional Offices of Education, and Intermediate Service Centers
B57: Employ** licensed educators to provide instructions for students | I57: ** - "Employ" may refer to hiring new licensed educators and/or retaining current licensed educators
B58: Provide educator professional development
B59: Purchase curriculum and learning tools
B60: Purchase programs or tangible supports
B61: Provide parent, family, and/or community engagement activities
B62: Invest in “innovative programming” (as defined by the school district)
B63: Invest in infrastructure, capital, and/or operations
B64: Address debt service and fiscal solvency
B65: Other (please list)
B66: 9) Considering all funding sources, how many new FTEs does your school district* hope to fund for FY20? (This number may not be the same as actual new FTEs hired for FY20.) | I66: * - School districts, laboratory schools, Regional Offices of Education, and Intermediate Service Centers
A67: Part III – How will you support special student groups through all FY20 funds received (federal, state, and local), especially in relation to the EBF dollars designated for them?
A68: Context | B68: When a school district's* EBF disbursement is calculated, certain funds are attributable specifically to the school district's* populations of low-income students, English Learners, and students with disabilities. All other EBF funds may be spent in any manner by the school district* but per statute these designated funds must be spent on programs and services specifically benefitting the specific student groups in question. Moreover, these funds should be layered on top of a general program of instruction benefiting all students. Beyond EBF funds, school districts* also receive dollars from federal, local, and other state funds to support both a general program of instruction and specific student groups. In determining where to invest these funds, ISBE expects that school district* leaders will work in collaboration to review similar data and information as that which they considered for Part II of this EBF Spending Plan. School districts may wish to refer to other tabs in this budget template, their Consolidated District Plan, their EL – Bilingual Service Plan, or any other existing documentation laying out plans for use of federal, state, and/or local funds in order to holistically consider how these funds may work together to serve students. | I68: * - School districts, laboratory schools, Regional Offices of Education, and Intermediate Service Centers
A69: What is coming in IWAS? | B69: The EBF Spending Plan application in IWAS will list out the FY20 EBF funds specifically attributable to low-income students, English Learners, and students with special needs for each individual school district.* For this working document, school districts* may look up their FY19 allocations (FY20 allocations are not yet available) at https://www.isbe.net/_layouts/Download.aspx?SourceUrl=/Documents/FY19-Student-Population-Funding-Allocation-Summary.xlsx. School districts* will indicate in which positions, programs, and/or services they intend to invest using all funds (not solely EBF funds) in service of students. School districts* serving at least one English Learner will also complete assurances related to Article 14C of the School Code. | I69: * - School districts, laboratory schools, Regional Offices of Education, and Intermediate Service Centers
A70: Practice Answers | B70: 10) EBF statute requires that school districts* use the EBF Spending Plan to specifically identify the intended utilization of funding on low-income students, English Learners, and special education programs. EBF statute also clarifies that these resources specifically identified should be "in addition to and not in lieu of" all other funding supporting students. The chart below provides a mechanism by which to distinguish between the funds spent on all students vs. these "additional" investments for the three identified student populations. Mark with an X the positions, programs, and/or services on which the school district* intends to spend FY20 dollars from all sources (including designated EBF funds) to benefit the whole student population through a general program of instruction. Then, fill in the approximate dollar amounts that the school district* intends to spend on its specific student groups, keeping in mind that these dollars are on top of the general program of instruction already indicated. If the school district* does not serve a specific student group, it does not need to fill out the column for that student group. School districts* are not expected to have an entry for every row if not applicable. This chart is not intended to serve as a strict accounting exercise. Instead, school districts* are asked to apply the spirit of "additional investments" as they fill in the chart and consider how they can use the chart to communicate the difference between dollars spent on all students vs. on students with greater need for additional resources. | I70: * - School districts, laboratory schools, Regional Offices of Education, and Intermediate Service Centers
B71: Positions, programs, and/or services to be provided | C71: Investments in general program of instruction benefiting all students | D71: Investments additionally benefiting low-income students | E71: Investments additionally benefiting English Learners*** | F71: Investments additionally benefiting students with special needs | G71: OPTIONAL - Explanation of allocation decisions and/or FTEs reflected in the dollar amount specified | I71: *** - Planned investments for English Learners should highlight the investments already anticipated in the school district's submitted EL – Bilingual Service Plan.
B72: Core teacher(s) | D72: $ | E72: $ | F72: $ | I72: EBF research base indicates that providing class sizes of 15 in grades K-3 has an effect size^ of 0.25 for overall student performance and an effect size of 0.5 for the student performance of low-income students and children of color. | J72: ^ - "Effect size is the amount of standard deviation in the higher performance that the strategy produces for students compared to students who were not exposed to the strategy. An effect size of 1.0 would indicate that the average student’s performance would move from the 50th to the 83rd percentile. The research field generally recognizes effect sizes greater than 0.25 as significant and greater than 0.50 as substantial....It is important to note that strategies must be implemented in accordance with research-based assumptions in order for potential effects to be realized." | K72: Source of quotation and all effect sizes listed: Odden, A. R., Picus, L. O., Goetz, M., Mangan, M. T., & Fermanich, M. (2006). An evidence based approach to school finance adequacy in Washington. Prepared for Washington Learns. North Hollywood, CA: Lawrence O. Picus and Associates. Retrieved from: http://www.k12.wa.us/qec/pubdocs/EvidenceBasedReportFinal9-11-06_000.pdf. | L72: As quoted in (2016) Illinois evidence based funding for student success (Illinois EBFM): Research summaries contributing to current recommendations. Retrieved from: https://www.iasaedu.org/cms/lib/IL01923163/Centricity/domain/89/2018%20ebm-essa%20workshop%20resources/ebm%20participant%20folder%20feb%2023%202018/Evidence%20Based%20Funding%20for%20Student%20Success%20Research%20Brief.docx.pdf
B73: Intervention teacher(s) | D73: $ | E73: $ | F73: $ | I73: EBF research base indicates that providing tutoring with Tier 2 intervention teachers, one-on-one and small group, has an effect size^ of 0.4-2.5 for student performance. Research indicates that providing English Learners direct intervention support has an effect size^ of 0.45 for student performance. | J73: school district leaders interested in effect sizes of interventions beyond monetary investments may find the work of John Hattie and others interesting. As a starting point for further exploration, a frequently cited resource is https://visible-learning.org/hattie-ranking-influences-effect-sizes-learning-achievement/
B74: Instructional facilitators, coaches, and/or job-embedded professional development | D74: $ | E74: $ | F74: $ | I74: EBF research base indicates that providing professional development with classroom instructional coaches has an effect size^ of 1.25-2.7 for student performance.
B75: Extended day staff, supports, and/or operations | D75: $ | E75: $ | F75: $ | I75: Documentation of research base underway
B76: Pupil support staff (e.g., counselor(s), psychologist(s), nurse(s), guidance counselor(s), social worker(s), speech pathologist(s)) | D76: $ | E76: $ | F76: $ | I76: Documentation of research base underway
B77: Instructional assistant(s), paraprofessional(s), and/or supervisory aide(s) | D77: $ | E77: $ | F77: $ | I77: Documentation of research base underway
B78: Summer school staff, supports, and/or operations | D78: $ | E78: $ | F78: $ | I78: EBF research base indicates that providing structured, academically focused summer school has an effect size^ of 0.45 for student performance.
B79: Early childhood services | D79: $ | E79: $ | F79: $ | I79: EBF research base indicates that providing full-day kindergarten has an effect size^ of 0.77 for student performance.
B80: Family and community engagement and/or other community services | D80: $ | E80: $ | F80: $ | I80: Documentation of research base underway
B81: College and career readiness services | D81: $ | E81: $ | F81: $ | I81: Documentation of research base underway
B82: Innovation and school transformation efforts | D82: $ | E82: $ | F82: $ | I82: Documentation of research base underway
B83: Instructional materials (e.g., curriculum, books, equipment) | D83: $ | E83: $ | F83: $ | I83: Documentation of research base underway
B84: Assessments | D84: $ | E84: $ | F84: $ | I84: Documentation of research base underway
B85: Educational media services | D85: $ | E85: $ | F85: $ | I85: Documentation of research base underway
... B88: Other designated central office supports | D88: $ | E88: $ | F88: $ | I88: Documentation of research base underway
B89: Other (please list) | D89: $ | E89: $ | F89: $
B90: Total $ intended for specific student groups | C90: N/A | D90: =SUM(D72:D89) -> 0 | E90: =SUM(E72:E89) -> 0 | F90: =SUM(F72:F89) -> 0 | G90: N/A | I90: The IWAS application will auto-calculate the sum total of dollars input for each of the specific student groups. If the sum total is less than or equal to the FY20 EBF allocation for the specific student group, the EBF Spending Plan will not be accepted for submission.
A91: Practice Answer | B91: 11) OPTIONAL - How did your data, other information considered, collaboration between school district* programmatic and business areas, and/or engagement with school staff, families, and community members influence your intended use of dollars on the student groups in question? | I91: * - School districts, laboratory schools, Regional Offices of Education, and Intermediate Service Centers
A92: What is coming in IWAS? | B92: School districts* serving at least one English Learner (EL) will also complete assurances related to Article 14C of the School Code, which stipulates allowable expenditures for English Learners. These assurances will not appear in IWAS for school districts* serving zero English Learners. School districts* completing the assurances should maintain supporting documentation (e.g., sign-in sheets, meeting agendas) to affirm their veracity. These assurances only apply to the EBF Spending Plan. A separate collection of the EL – Bilingual Service Plan takes place before each school year and must be separately reviewed by the Bilingual Parent Advisory Committee beginning with FY20. | I92: * - School districts, laboratory schools, Regional Offices of Education, and Intermediate Service Centers
A93: Practice Answers | B93: 12) ONLY FOR SCHOOL DISTRICTS* SERVING ENGLISH LEARNERS - Mark with an X the appropriate box to indicate agreement or disagreement with each statement. | I93: * - School districts, laboratory schools, Regional Offices of Education, and Intermediate Service Centers
B94: Article 14C Assurance | C94: "Yes" | D94: "No"
B95: A) “I hereby affirm that at least 60% of the school district's* State funds attributable to ELs will be used for instructional costs of programs and services for ELs (Function 1000), in accordance with Article 14C of the Illinois School Code. The remaining balance of State funds attributable to ELs will also be used to serve ELs.” | I95: * - School districts, laboratory schools, Regional Offices of Education, and Intermediate Service Centers
B96: B) “My school district* has at least one attendance center with 20 or more English learners (including parental refusals) who speak the same home language other than English in grades K-12. Alternatively and/or additionally, my school district* has at least one attendance center with 20 or more English learners (including parent refusals) who speak the same home language other than English in pre-K.” | I96: * - School districts, laboratory schools, Regional Offices of Education, and Intermediate Service Centers
B97: C) IF THE ANSWER TO (B) ABOVE IS "YES" - “I hereby affirm that the school district's* Bilingual Parent Advisory Committee (BPAC) has reviewed the school district's* EBF Spending Plan submitted to the State Superintendent of Education.” | I97: * - School districts, laboratory schools, Regional Offices of Education, and Intermediate Service Centers
B98: D) IF THE ANSWER TO (B) ABOVE IS "YES" - Fill in the date of the meeting at which the BPAC reviewed the EBF Spending Plan and the name of the BPAC chair at the time of the meeting. | C98: Date: | D98: Name:
A99: Feedback Survey
A100: Context | B100: A version of this survey will appear at the end of the IWAS application for the official EBF Spending Plan submission. The EBF Spending Plan due for submission this year was designed by ISBE and the Professional Review Panel with some school district voice included, but we know we have more to learn from the field. This survey and other engagement opportunities throughout FY20 will directly influence the design of the FY21 EBF Spending Plan.
A101: Practice Answer | B101: 1) Mark with an X to indicate approximately how much time it will take your school district* to complete the FY20 EBF Spending Plan. | I101: * - School districts, laboratory schools, Regional Offices of Education, or Intermediate Service Centers
B102: a. Under 1 hour
B103: b. 1-2 hours
B104: c. 2-4 hours
...

Sheet Ref 29
B1: Reference Description
A3: 1 | B3: Each fund balance should correspond to the fund balance reflected on the books as of June 30th - Balance Sheet Accounts #720 and #730 (audit figures, if available).
A5: 2 | B5: Accounting and Financial Reporting for Certain Grants and Other Financial Assistance. The "On-Behalf" Payments should only be reflected on this page (Budget Summary, Lines 10 and 20).
A7: 3 | B7: Requires the secretary of the school board to notify the county clerk (within 30 days of the transfer approval) to abate an equal amount of taxes to be next extended. See Sec. 10-22.14 & 17-2.11.
A8: 3a | B8: Requires notification to the county clerk to abate an equal amount from taxes next extended. See section 10-22.14
A9: 4 | B9: Principal on Bonds Sold:
B10: (1) Funding Bonds are to be entered in the fund or funds in which the liability occurs.
B11: (2) Refunding Bonds can be entered in the Debt Services Fund only.
B12: (3) Building Bonds can be entered in the Capital Projects Fund only.
B13: (4) Fire Prevention and Safety Bonds can be entered in the Fire Prevention & Safety Fund only.
A15: 5 | B15: The proceeds from the sale of school sites, buildings, or other real estate shall be used first to pay the principal and interest on any outstanding bonds on the property being sold, and after all such bonds have been retired, the remaining proceeds from the sale next shall be used by the school board to meet any urgent district needs as determined under Sections 2-3.12 and 17-2.11 of the School Code. Once these issues have been addressed, any remaining proceeds may be used for any other authorized purpose and for deposit into any district fund.
A17: 6 | B17: The School Code, Section 10-22.44 prohibits the transfer of interest earned on the investment of "any funds for purposes of Illinois Municipal Retirement under the Pension Code." This prohibition does not include funds for Social Security and Medicare-only purposes. For additional requirements on interest earnings, see 23 Illinois Administrative Code, Part 100, Section 100.50.
A19: 7 | B19: Cash plus investments must be greater than or equal to zero.
A21: 8 | B21: For cash basis budgets, this total will equal the Budget Summary - Total Direct Receipts/Revenues (Line 9) plus Total Other Sources of Funds (Line 46).
A23: 9 | B23: For cash basis budgets, this total will equal the Budget Summary - Total Direct Disbursements/Expenditures (Line 19) plus Total Other Uses of Funds (Line 79).
A25: 10 | B25: Working Cash Fund loans may be made to any district fund for which taxes are levied (Section 20-5 of the School Code).
A27: 11 | B27: Include revenue accounts 1110 through 1115, 1117,1118 & 1120.
A29: 12 | B29: The School Code Section 17-2.2c. Tax for leasing educational facilities or computer technology or both, and for temporary relocation expense purposes.
A31: 13 | B31: Corporate personal property replacement tax revenue must be first applied to the Municipal Retirement/Social Security Fund to replace tax revenue lost due to the abolition of the corporate personal property tax (30 ILCS 115/12). This provision does not apply to taxes levied for Medicare-Only purposes.
A33: 14 | B33: Only tuition payments made to private facilities. See Functions 4200 or 4400 for estimated public facility disbursements/expenditures.
A35: 15 | B35: Payment towards the retirement of lease/purchase agreements or bonded/other indebtedness (principal only) otherwise reported within the fund - e.g.: alternate revenue bonds. (Describe & Itemize)
A37: 16 | B37: Only abolishment of Working Cash Fund must transfer its funds directly to the Educational Fund upon adoption of a resolution and
B38: at the close of the current school Year (see 105 ILCS 5/20-8 for further explanation)
B39: Only abatement of working cash fund can transfer its funds to any fund in most need of money
B40: (see 105 ILCS 5/20-10 for further explanation)

Sheet Balancing
A1: CHECK FOR ERRORS
A2: This worksheet checks various cells to assure that selected items are in balance.
A3: Out-of-balance conditions are accompanied by an error message.
A4: Errors must be corrected before the budget is finalized and submitted to ISBE.
B5: Budget Item References | C5: Message
B6: Is Deficit Reduction Plan Required? | C6: =IF(AND('DeficitBudgetSum Calc 19'!F5<0,'DeficitBudgetSum Calc 19'!F6>=0,ABS('DeficitBudgetSum Calc 19'!F5*3)>ABS('DeficitBudgetSum Calc 19'!F6)),'DeficitBudgetSum Calc 19'!F15,IF(AND('DeficitBudgetSum Calc 19'!F5<0,'DeficitBudgetSum Calc 19'!F6>0,ABS('DeficitBudgetSum Calc 19'!F5*3)<=ABS('DeficitBudgetSum Calc 19'!F6)),'DeficitBudgetSum Calc 19'!F16,IF(AND('DeficitBudgetSum Calc 19'!F5<0,'DeficitBudgetSum Calc 19'!F6<0),'DeficitBudgetSum Calc 19'!F15,IF('DeficitBudgetSum Calc 19'!F6=0,'DeficitBudgetSum Calc 19'!F18,'DeficitBudgetSum Calc 19'!F17)))) -> Congratulations! You have a balanced budget.
B7: If required, is Deficit Reduction Plan Completed (Page: DefReductPlan 20-24)? | C7: =IF(AND(C6='DeficitBudgetSum Calc 19'!F15,'DefReductPlan 20-24'!Z22>0),"Budget Plan Completed",IF(AND(C6='DeficitBudgetSum Calc 19'!F15,'DefReductPlan 20-24'!Z22=0),"Please complete the deficit reduction plan prior to submission.",""))
A8: 1 | B8: Cover Page - CASH or ACCRUAL
B9: Check one type of Accounting Basis used on the Cover sheet. | C9: =IF(Cover!B5="X","CASH",IF(Cover!B6="X","ACCRUAL ","PLEASE CHECK AN ACCOUNTING BASIS.")) -> ACCRUAL
A10: 2 | B10: Budget Summary: Other Sources (Page BudgetSum 2-3 - Acct 7000), must equal Other Uses (BudgetSum 2-3 - Acct. 8000).
B11: Estimated Beginning Fund Balance July,1 2019 for all Funds (Cells C3 - K3) (Line must have a number or zero. Do not leave blank.) | C11: =IF(AND(ISNUMBER('BudgetSum 2-3'!C3),ISNUMBER('BudgetSum 2-3'!D3),ISNUMBER('BudgetSum 2-3'!E3),ISNUMBER('BudgetSum 2-3'!F3),ISNUMBER('BudgetSum 2-3'!G3),ISNUMBER('BudgetSum 2-3'!H3),ISNUMBER('BudgetSum 2-3'!I3),ISNUMBER('BudgetSum 2-3'!J3),ISNUMBER('BudgetSum 2-3'!K3)),"OK","CHECK ERROR- IF ZERO, ENTER NUMER 0 ") -> OK
B12: Transfer Among Funds (Funds 10, 20, 40 - Acct 7130 - Cells C29, D29, F29), must equal (Funds 10, 20 & 40 - Acct 8130 - Cells C52, D52, F52). | C12: =IF(SUM('BudgetSum 2-3'!C29:D29,'BudgetSum 2-3'!F29)<>SUM('BudgetSum 2-3'!C52:D52,'BudgetSum 2-3'!F52),"Check Error!","OK") -> OK
B13: Transfer of Interest (Funds 10 thru 90 - Acct 7140 - Cells C30:K30), must equal (Funds 10 thru 60, & 80 - Acct 8140 - Cells C53:H53, J53). | C13: =IF(SUM('BudgetSum 2-3'!C30:K30)<>SUM('BudgetSum 2-3'!C53:J53),"Check Error!","OK") -> OK
B14: Transfer to Debt Service to Pay Principal on Capital Leases (Fund 30 - Acct 7400 - Cell E39) must equal (Funds 10, 20 & 60 - Acct 8400 Cells C57:H60). | C14: =IF(('BudgetSum 2-3'!E39)<>SUM('BudgetSum 2-3'!C57:H60),"Check Error!","OK") -> OK
B15: Transfer to Debt Service to Pay Interest on Capital Leases (Fund 30 - Acct 7500 - Cell E40) must equal (Funds 10, 20 & 60 - Acct 8500 - Cells C61:H64). | C15: =IF(('BudgetSum 2-3'!E40)<>SUM('BudgetSum 2-3'!C61:H64),"Check Error!","OK") -> OK
B16: Transfer to Debt Service Fund to Pay Principal on Revenue Bonds (Fund 30 - Acct 7600 - Cell E41) must equal (Funds 10 & 20 - Acct 8600 - Cells C65:D68). | C16: =IF(('BudgetSum 2-3'!E41)<>SUM('BudgetSum 2-3'!C65:D68),"Check Error!","OK") -> OK
B17: Transfer to Debt Service to Pay Interest on Revenue Bonds (Fund 30 - Acct 7700 - Cell E42) must equal (Funds 10 & 20 - Acct 8700 - Cells C69:D72). | C17: =IF(('BudgetSum 2-3'!E42)<>SUM('BudgetSum 2-3'!C69:D72),"Check Error!","OK") -> OK
B18: Transfer to Capital Projects Fund (Fund 60 - Acct 7800 - Cell H43) must equal (Fund 10 & 20, Acct 8800 - Cells C73:D76). | C18: =IF(('BudgetSum 2-3'!H43)<>SUM('BudgetSum 2-3'!C73:D76),"Check Error!","OK") -> OK
A19: 3 | B19: Summary of Cash Transactions: Beginning Cash Balance on Hand July 1, 2019, (CashSum 4, All Funds), cannot be negative.
B20: Educational (Fund 10 - Cell C3) | C20: =IF('CashSum 4'!$C$3<0,"Check Error","OK") -> OK
B21: Operations & Maintenance (Fund 20 - Cell D3) | C21: =IF('CashSum 4'!$D$3<0,"Check Error","OK") -> OK
B22: Debt Service (Fund 30 - Cell E3) | C22: =IF('CashSum 4'!$E$3<0,"Check Error","OK") -> OK
B23: Transportation (Fund 40 - Cell F3) | C23: =IF('CashSum 4'!$F$3<0,"Check Error","OK") -> OK
B24: Municipal Retirement/Social Security (Fund 50 - Cell G3) | C24: =IF('CashSum 4'!$G$3<0,"Check Error","OK") -> OK
B25: Capital Projects (Fund 60 - Cell H3) | C25: =IF('CashSum 4'!$H$3<0,"Check Error","OK") -> OK
B26: Working Cash (Fund 70 - Cell I3) | C26: =IF('CashSum 4'!$I$3<0,"Check Error","OK") -> OK
B27: Tort (Fund 80 - Cell J3) | C27: =IF('CashSum 4'!$J$3<0,"Check Error","OK") -> OK
B28: Fire Prevention & Safety (Fund 90 - Cell K3) | C28: =IF('CashSum 4'!$K$3<0,"Check Error","OK") -> OK
A29: 4 | B29: Summary of Cash Transactions: Ending Cash Balance on Hand June 30, 2020, (Page CashSum 4 - All Funds), cannot be negative.
B30: Educational (Fund 10 - Cell C21) | C30: =IF('CashSum 4'!$C$21<0,"Check Error!","OK") -> OK
B31: Operations & Maintenance (Fund 20 - Cell D21) | C31: =IF('CashSum 4'!$D$21<0,"Check Error!","OK") -> OK
B32: Debt Service (Fund 30 - Cell E21) | C32: =IF('CashSum 4'!$E$21<0,"Check Error!","OK") -> OK
B33: Transportation (Fund 40 - F21) | C33: =IF('CashSum 4'!$F$21<0,"Check Error!","OK") -> OK
B34: Municipal Retirement/Social Security (Fund 50 - Cell G21) | C34: =IF('CashSum 4'!$G$21<0,"Check Error!","OK") -> OK
B35: Capital Projects (Fund 60 - H21) | C35: =IF('CashSum 4'!$H$21<0,"Check Error!","OK") -> OK
B36: Working Cash (Fund 70 - Cell I21) | C36: =IF('CashSum 4'!$I$21<0,"Check Error!","OK") -> OK
B37: Tort (Fund 80 - Cell J21) | C37: =IF('CashSum 4'!$J$21<0,"Check Error!","OK") -> OK
B38: Fire Prevention & Safety (Fund 90 - Cell K21) | C38: =IF('CashSum 4'!$K$21<0,"Check Error!","OK") -> OK
A39: 5 | B39: Summary of Cash Transactions: Other Receipts, (Page CashSum 4), must equal Other Disbursements, (Page CashSum 4).
B40: Interfund Loans Payable (Funds 10:60, 80, 90 - Acct 411 - Cells C6:H6, J6:K6) must equal Interfund Loans Receivable (Funds 10:20, 40, 70 - Acct 141 - Cells C15:D15, F15, I15). | C40: =IF(SUM('CashSum 4'!C6:K6)<>SUM('CashSum 4'!C15:K15),"Check Error!","OK") -> OK
B41: Interfund Loans Receivable (Funds 10, 20, 40 & 70 - Acct 141 - Cells C7:D7, F7, I7) must equal Interfund Loans Payable (Funds 10:60, 80, 90 - Acct 411 - Cells C16:H16, J16, K16). | C41: =IF(SUM('CashSum 4'!C7:K7)<>SUM('CashSum 4'!C16:K16),"Check Error!","OK") -> OK
B43: End of Balancing

Sheet B20
A1: School District Name | B1: =Cover!G13 -> Glencoe School District #35
A2: School District ID | B2: =Cover!G14 -> 05-016-0350-02
A3: School District/Joint Agreement | B3: S
A4: Accounting Basis | B4: =Balancing!C9 -> ACCRUAL
A5: 1 | B5: ='BudgetSum 2-3'!C18 -> 100000 | C5: =A5-B5 -> -99999
A6: 2 | B6: ='BudgetSum 2-3'!D18 -> 25000 | C6: =A6-B6 -> -24998
A7: 3 | B7: ='BudgetSum 2-3'!E18 -> 0 | C7: =A7-B7 -> 3
A8: 4 | B8: ='BudgetSum 2-3'!F18 -> 0 | C8: =A8-B8 -> 4
A9: 5 | B9: ='BudgetSum 2-3'!G18 -> 0 | C9: =A9-B9 -> 5
A10: 6 | B10: ='BudgetSum 2-3'!H18 -> 0 | C10: =A10-B10 -> 6
A11: 7 | B11: ='BudgetSum 2-3'!K18 -> 0 | C11: =A11-B11 -> 7
A12: 8 | B12: ='CashSum 4'!C4 -> 24108184 | C12: =A12-B12 -> -24108176
A13: 9 | B13: ='CashSum 4'!C7 -> 0 | C13: =A13-B13 -> 9
A14: 10 | B14: ='CashSum 4'!C10 -> 0 | C14: =A14-B14 -> 10
A15: 11 | B15: ='CashSum 4'!C11 -> 24108184 | C15: =A15-B15 -> -24108173
A16: 12 | B16: ='CashSum 4'!C12 -> 54898029 | C16: =A16-B16 -> -54898017
A17: 13 | B17: ='CashSum 4'!C13 -> 21721326 | C17: =A17-B17 -> -21721313
A18: 14 | B18: ='CashSum 4'!C15 -> 0 | C18: =A18-B18 -> 14
A19: 15 | B19: ='CashSum 4'!C16 -> 0 | C19: =A19-B19 -> 15
A20: 16 | D20: Close 2008
A21: 17 | B21: ='CashSum 4'!C17 -> 0 | C21: =A21-B21 -> 17
A22: 18 | B22: ='CashSum 4'!C8 -> 0 | C22: =A22-B22 -> 18
A23: 19 | D23: Close 2008
A24: 20 | D24: Close 2008
A25: 21 | B25: ='CashSum 4'!C18 -> 0 | C25: =A25-B25 -> 21
A26: 22 | B26: ='CashSum 4'!C19 -> 0 | C26: =A26-B26 -> 22
A27: 23 | B27: ='CashSum 4'!C20 -> 21721326 | C27: =A27-B27 -> -21721303
A28: 24 | B28: ='CashSum 4'!C21 -> 33176703 | C28: =A28-B28 -> -33176679
A29: 25 | B29: ='CashSum 4'!D4 -> 2725000 | C29: =A29-B29 -> -2724975
A30: 26 | B30: ='CashSum 4'!D7 -> 0 | C30: =A30-B30 -> 26
A31: 27 | B31: ='CashSum 4'!D10 -> 0 | C31: =A31-B31 -> 27
A32: 28 | B32: ='CashSum 4'!D11 -> 2725000 | C32: =A32-B32 -> -2724972
A33: 29 | B33: ='CashSum 4'!D12 -> 3758516 | C33: =A33-B33 -> -3758487
A34: 30 | B34: ='CashSum 4'!D13 -> 3571528 | C34: =A34-B34 -> -3571498
A35: 31 | B35: ='CashSum 4'!D15 -> 0 | C35: =A35-B35 -> 31
A36: 32 | B36: ='CashSum 4'!D16 -> 0 | C36: =A36-B36 -> 32
A37: 33 | D37: Close 2008
A38: 34 | B38: ='CashSum 4'!D17 -> 0 | C38: =A38-B38 -> 34
A39: 35 | D39: Close 2008
A40: 36 | D40: Close 2008
A41: 37 | D41: Close 2008
A42: 38 | B42: ='CashSum 4'!D18 -> 0 | C42: =A42-B42 -> 38
A43: 39 | B43: ='CashSum 4'!D19 -> 0 | C43: =A43-B43 -> 39
A44: 40 | B44: ='CashSum 4'!D20 -> 3571528 | C44: =A44-B44 -> -3571488
A45: 41 | B45: ='CashSum 4'!D21 -> 186988 | C45: =A45-B45 -> -186947
A46: 42 | B46: ='CashSum 4'!E4 -> 1934870 | C46: =A46-B46 -> -1934828
A47: 43 | B47: ='CashSum 4'!E10 -> 0 | C47: =A47-B47 -> 43
A48: 44 | B48: ='CashSum 4'!E11 -> 1934870 | C48: =A48-B48 -> -1934826
A49: 45 | B49: ='CashSum 4'!E12 -> 2698031 | C49: =A49-B49 -> -2697986
A50: 46 | B50: ='CashSum 4'!E13 -> 1793013 | C50: =A50-B50 -> -1792967
A51: 47 | B51: ='CashSum 4'!E16 -> 0 | C51: =A51-B51 -> 47
A52: 48 | D52: Close 2008
A53: 49 | D53: Close 2008
A54: 50 | B54: ='CashSum 4'!D8 -> 0 | C54: =A54-B54 -> 50
A55: 51 | D55: Closed 2008
A56: 52 | B56: ='CashSum 4'!E18 -> 0 | C56: =A56-B56 -> 52
A57: 53 | B57: ='CashSum 4'!E19 -> 0 | C57: =A57-B57 -> 53
A58: 54 | B58: ='CashSum 4'!E20 -> 1793013 | C58: =A58-B58 -> -1792959
A59: 55 | B59: ='CashSum 4'!E21 -> 905018 | C59: =A59-B59 -> -904963
A60: 56 | B60: ='CashSum 4'!F4 -> 830000 | C60: =A60-B60 -> -829944
A61: 57 | B61: ='CashSum 4'!F7 -> 0 | C61: =A61-B61 -> 57
A62: 58 | B62: ='CashSum 4'!F10 -> 0 | C62: =A62-B62 -> 58
A63: 59 | B63: ='CashSum 4'!F11 -> 830000 | C63: =A63-B63 -> -829941
A64: 60 | B64: ='CashSum 4'!F12 -> 1483163 | C64: =A64-B64 -> -1483103
A65: 61 | B65: ='CashSum 4'!F13 -> 777805 | C65: =A65-B65 -> -777744
A66: 62 | B66: ='CashSum 4'!F15 -> 0 | C66: =A66-B66 -> 62
A67: 63 | B67: ='CashSum 4'!F16 -> 0 | C67: =A67-B67 -> 63
A68: 64 | D68: Close 2008
A69: 65 | B69: ='CashSum 4'!F17 -> 0 | C69: =A69-B69 -> 65
A70: 66 | D70: Close 2008
A71: 67 | D71: Close 2008
A72: 68 | D72: Close 2008
A73: 69 | B73: ='CashSum 4'!F18 -> 0 | C73: =A73-B73 -> 69
A74: 70 | B74: ='CashSum 4'!F19 -> 0 | C74: =A74-B74 -> 70
A75: 71 | B75: ='CashSum 4'!F20 -> 777805 | C75: =A75-B75 -> -777734
A76: 72 | B76: ='CashSum 4'!F21 -> 705358 | C76: =A76-B76 -> -705286
A77: 73 | B77: ='CashSum 4'!G4 -> 703870 | C77: =A77-B77 -> -703797
A78: 74 | B78: ='CashSum 4'!G10 -> 0 | C78: =A78-B78 -> 74
A79: 75 | B79: ='CashSum 4'!G11 -> 703870 | C79: =A79-B79 -> -703795
A80: 76 | B80: ='CashSum 4'!G12 -> 1843268 | C80: =A80-B80 -> -1843192
A81: 77 | B81: ='CashSum 4'!G13 -> 699100 | C81: =A81-B81 -> -699023
A82: 78 | B82: ='CashSum 4'!G16 -> 0 | C82: =A82-B82 -> 78
A83: 79 | D83: Close 2008
A84: 80 | B84: ='CashSum 4'!G17 -> 0 | C84: =A84-B84 -> 80
A85: 81 | B85: 0 | C85: =A85-B85 -> 81
A86: 82 | D86: Close 2008
A87: 83 | B87: ='CashSum 4'!G18 -> 0 | C87: =A87-B87 -> 83
A88: 84 | B88: ='CashSum 4'!G19 -> 0 | C88: =A88-B88 -> 84
A89: 85 | B89: ='CashSum 4'!G20 -> 699100 | C89: =A89-B89 -> -699015
A90: 86 | B90: ='CashSum 4'!G21 -> 1144168 | C90: =A90-B90 -> -1144082
A91: 87 | B91: ='CashSum 4'!H4 -> 20000 | C91: =A91-B91 -> -19913
A92: 88 | B92: ='CashSum 4'!H10 -> 0 | C92: =A92-B92 -> 88
A93: 89 | B93: ='CashSum 4'!H11 -> 20000 | C93: =A93-B93 -> -19911
A94: 90 | B94: ='CashSum 4'!H12 -> 3820970 | C94: =A94-B94 -> -3820880
A95: 91 | B95: ='CashSum 4'!H13 -> 3800000 | C95: =A95-B95 -> -3799909
A96: 92 | B96: ='CashSum 4'!H16 -> 0 | C96: =A96-B96 -> 92
A97: 93 | D97: Close 2008
A98: 94 | B98: ='CashSum 4'!H19 -> 0 | C98: =A98-B98 -> 94
A99: 95 | B99: ='CashSum 4'!H20 -> 3800000 | C99: =A99-B99 -> -3799905
A100: 96 | B100: ='CashSum 4'!H21 -> 20970 | C100: =A100-B100 -> -20874
...
